Workbook
Name \0: #REF!
Name \0: #REF!
Name \a: #REF!
Name \a: #REF!
Name \ATU_ANT: #REF!
Name \ATU_ANT: #REF!
Name \b: #REF!
Name \b: #REF!
Name \c: #REF!
Name \c: #REF!
Name \CALC_DIF: #REF!
Name \CALC_DIF: #REF!
Name \CC: #REF!
Name \CC: #REF!
Name \CO: #REF!
Name \CO: #REF!
Name \D: #REF!
Name \D: #REF!
Name \e: #REF!
Name \e: #REF!
Name \f: #REF!
Name \f: #REF!
Name \G: #REF!
Name \G: #REF!
Name \GO: #REF!
Name \GO: #REF!
Name \H: #REF!
Name \H: #REF!
Name \i: #REF!
Name \i: #REF!
Name \I_PF: #REF!
Name \I_PF: #REF!
Name \j: #REF!
Name \j: #REF!
Name \K: #REF!
Name \K: #REF!
Name \L: #REF!
Name \L: #REF!
Name \m: #REF!
Name \m: #REF!
Name \M_R_AUX: #REF!
Name \M_R_AUX: #REF!
Name \M1: #REF!
Name \M1: #REF!
Name \M10: #REF!
Name \M10: #REF!
Name \M11: #REF!
Name \M11: #REF!
Name \M12: #REF!
Name \M12: #REF!
Name \M13: #REF!
Name \M13: #REF!
Name \M2: #REF!
Name \M2: #REF!
Name \M3: #REF!
Name \M3: #REF!
Name \M4: #REF!
Name \M4: #REF!
Name \M5: #REF!
Name \M5: #REF!

Sheet Anexo VI - MODELO PLANILHA
A1: ANEXO VI - PLANILHA ESTIMATIVA DE QUANTIDADES E PREÇOS
A2: EXECUÇÃO DE OBRAS E SERVIÇOS DE MANUTENÇÃO CONTINUADA PREVENTIVA E CORRETIVA EM ASSENTAMENTOS PRECÁRIOS
A3: (FAVELAS ÁREAS DE RISCO E LOTEAMENTOS IRREGULARES ) OCUPADOS POR POPULAÇÃO DE BAIXA RENDA
D4: Concorrência Eletrônica n° 402/2025
A5: ITEM | B5: FONTE | C5: CÓDIGO | D5: DESCRIÇÃO | E5: UNID | F5: QUANTIDADE | G5: PREÇO UNITÁRIO R$ | I5: PREÇO TOTAL R$
G6: SEM BDI | H6: COM BDI | I6: SEM BDI | J6: COM BDI
A7: 1 | D7: SERVIÇOS DE CONSERVAÇÃO EM GERAL | I7: =SUBTOTAL(9,I8:I202) -> 0 | J7: =SUBTOTAL(9,J8:J202) -> 0
A8: 1.1 | D8: SERVIÇOS PRELIMINARES | I8: =SUBTOTAL(9,I9:I15) -> 0 | J8: =SUBTOTAL(9,J9:J15) -> 0
A9: 1.1.1 | B9: SIURB_INFRA | C9: 1010000 | D9: =IF(B9="SIURB_INFRA",VLOOKUP(C9,'[25]Custos Unit INFRA ComDes Jan25'!$A:$D,2,0),IF(B9="SIURB_EDIF",VLOOKUP(C9,'[25]Custos Unit EDIF ComDes Jan25'!$A:$D,2,0),IF(B9="SINAPI",VLOOKUP(C9,[25]SINAPI!$G:$K,2,0),IF(B9="CDHU",VLOOKUP(C9,[25]CDHU!$A:$F,2,0),IF(B9="EQUIP_SIURB",VLOOKUP(C9,'[25]Equip Com Des Jan25'!$A:$D,2,0),""))))) -> LEVANTAMENTO PLANIALTIMÉTRICO CADASTRAL | E9: =IF(B9="SIURB_INFRA",VLOOKUP(C9,'[25]Custos Unit INFRA ComDes Jan25'!$A:$D,3,0),IF(B9="SIURB_EDIF",VLOOKUP(C9,'[25]Custos Unit EDIF ComDes Jan25'!$A:$D,3,0),IF(B9="SINAPI",VLOOKUP(C9,[25]SINAPI!$G:$K,3,0),IF(B9="CDHU",VLOOKUP(C9,[25]CDHU!$A:$F,3,0),IF(B9="EQUIP_SIURB","H",""))))) -> M2 | F9: =VLOOKUP(A9,[25]MEMÓRIA!$B$9:$V$1635,17,FALSE) -> 30000 | H9: =ROUND(G9*(1+$I$433),2) -> 0 | I9: =ROUND(G9*F9,2) -> 0 | J9: =ROUND(H9*F9,2) -> 0
A10: 1.1.2 | B10: SIURB_INFRA | C10: 1014000 | D10: =IF(B10="SIURB_INFRA",VLOOKUP(C10,'[25]Custos Unit INFRA ComDes Jan25'!$A:$D,2,0),IF(B10="SIURB_EDIF",VLOOKUP(C10,'[25]Custos Unit EDIF ComDes Jan25'!$A:$D,2,0),IF(B10="SINAPI",VLOOKUP(C10,[25]SINAPI!$G:$K,2,0),IF(B10="CDHU",VLOOKUP(C10,[25]CDHU!$A:$F,2,0),IF(B10="EQUIP_SIURB",VLOOKUP(C10,'[25]Equip Com Des Jan25'!$A:$D,2,0),""))))) -> LEVANTAMENTO PLANIMÉTRICO DE VIA PÚBLICA E SEMI-CADASTRO DE IMÓVEIS | E10: =IF(B10="SIURB_INFRA",VLOOKUP(C10,'[25]Custos Unit INFRA ComDes Jan25'!$A:$D,3,0),IF(B10="SIURB_EDIF",VLOOKUP(C10,'[25]Custos Unit EDIF ComDes Jan25'!$A:$D,3,0),IF(B10="SINAPI",VLOOKUP(C10,[25]SINAPI!$G:$K,3,0),IF(B10="CDHU",VLOOKUP(C10,[25]CDHU!$A:$F,3,0),IF(B10="EQUIP_SIURB","H",""))))) -> M | F10: =VLOOKUP(A10,[25]MEMÓRIA!$B$9:$V$1635,17,FALSE) -> 600 | H10: =ROUND(G10*(1+$I$433),2) -> 0 | I10: =ROUND(G10*F10,2) -> 0 | J10: =ROUND(H10*F10,2) -> 0
A11: 1.1.3 | B11: SIURB_INFRA | C11: 1015000 | D11: =IF(B11="SIURB_INFRA",VLOOKUP(C11,'[25]Custos Unit INFRA ComDes Jan25'!$A:$D,2,0),IF(B11="SIURB_EDIF",VLOOKUP(C11,'[25]Custos Unit EDIF ComDes Jan25'!$A:$D,2,0),IF(B11="SINAPI",VLOOKUP(C11,[25]SINAPI!$G:$K,2,0),IF(B11="CDHU",VLOOKUP(C11,[25]CDHU!$A:$F,2,0),IF(B11="EQUIP_SIURB",VLOOKUP(C11,'[25]Equip Com Des Jan25'!$A:$D,2,0),""))))) -> NIVELAMENTO DO EIXO DE VIA PÚBLICA INCLUSIVE SOLEIRAS, GUIAS E TAMPÕES | E11: =IF(B11="SIURB_INFRA",VLOOKUP(C11,'[25]Custos Unit INFRA ComDes Jan25'!$A:$D,3,0),IF(B11="SIURB_EDIF",VLOOKUP(C11,'[25]Custos Unit EDIF ComDes Jan25'!$A:$D,3,0),IF(B11="SINAPI",VLOOKUP(C11,[25]SINAPI!$G:$K,3,0),IF(B11="CDHU",VLOOKUP(C11,[25]CDHU!$A:$F,3,0),IF(B11="EQUIP_SIURB","H",""))))) -> M | F11: =VLOOKUP(A11,[25]MEMÓRIA!$B$9:$V$1635,17,FALSE) -> 300 | H11: =ROUND(G11*(1+$I$433),2) -> 0 | I11: =ROUND(G11*F11,2) -> 0 | J11: =ROUND(H11*F11,2) -> 0
A12: 1.1.4 | B12: SIURB_INFRA | C12: 10016001 | D12: =IF(B12="SIURB_INFRA",VLOOKUP(C12,'[25]Custos Unit INFRA ComDes Jan25'!$A:$D,2,0),IF(B12="SIURB_EDIF",VLOOKUP(C12,'[25]Custos Unit EDIF ComDes Jan25'!$A:$D,2,0),IF(B12="SINAPI",VLOOKUP(C12,[25]SINAPI!$G:$K,2,0),IF(B12="CDHU",VLOOKUP(C12,[25]CDHU!$A:$F,2,0),IF(B12="EQUIP_SIURB",VLOOKUP(C12,'[25]Equip Com Des Jan25'!$A:$D,2,0),""))))) -> SINALIZAÇÃO - TAPUME MÓVEL | E12: =IF(B12="SIURB_INFRA",VLOOKUP(C12,'[25]Custos Unit INFRA ComDes Jan25'!$A:$D,3,0),IF(B12="SIURB_EDIF",VLOOKUP(C12,'[25]Custos Unit EDIF ComDes Jan25'!$A:$D,3,0),IF(B12="SINAPI",VLOOKUP(C12,[25]SINAPI!$G:$K,3,0),IF(B12="CDHU",VLOOKUP(C12,[25]CDHU!$A:$F,3,0),IF(B12="EQUIP_SIURB","H",""))))) -> M2 | F12: =VLOOKUP(A12,[25]MEMÓRIA!$B$9:$V$1635,17,FALSE) -> 180 | H12: =ROUND(G12*(1+$I$433),2) -> 0 | I12: =ROUND(G12*F12,2) -> 0 | J12: =ROUND(H12*F12,2) -> 0
A13: 1.1.5 | B13: SIURB_INFRA | C13: 10018000 | D13: =IF(B13="SIURB_INFRA",VLOOKUP(C13,'[25]Custos Unit INFRA ComDes Jan25'!$A:$D,2,0),IF(B13="SIURB_EDIF",VLOOKUP(C13,'[25]Custos Unit EDIF ComDes Jan25'!$A:$D,2,0),IF(B13="SINAPI",VLOOKUP(C13,[25]SINAPI!$G:$K,2,0),IF(B13="CDHU",VLOOKUP(C13,[25]CDHU!$A:$F,2,0),IF(B13="EQUIP_SIURB",VLOOKUP(C13,'[25]Equip Com Des Jan25'!$A:$D,2,0),""))))) -> PROTEÇÃO PARA TERCEIROS COM TELA DE NYLON | E13: =IF(B13="SIURB_INFRA",VLOOKUP(C13,'[25]Custos Unit INFRA ComDes Jan25'!$A:$D,3,0),IF(B13="SIURB_EDIF",VLOOKUP(C13,'[25]Custos Unit EDIF ComDes Jan25'!$A:$D,3,0),IF(B13="SINAPI",VLOOKUP(C13,[25]SINAPI!$G:$K,3,0),IF(B13="CDHU",VLOOKUP(C13,[25]CDHU!$A:$F,3,0),IF(B13="EQUIP_SIURB","H",""))))) -> M2 | F13: =VLOOKUP(A13,[25]MEMÓRIA!$B$9:$V$1635,17,FALSE) -> 500 | H13: =ROUND(G13*(1+$I$433),2) -> 0 | I13: =ROUND(G13*F13,2) -> 0 | J13: =ROUND(H13*F13,2) -> 0
A14: 1.1.6 | B14: SINAPI | C14: 99059 | D14: =IF(B14="SIURB_INFRA",VLOOKUP(C14,'[25]Custos Unit INFRA ComDes Jan25'!$A:$D,2,0),IF(B14="SIURB_EDIF",VLOOKUP(C14,'[25]Custos Unit EDIF ComDes Jan25'!$A:$D,2,0),IF(B14="SINAPI",VLOOKUP(C14,[25]SINAPI!$G:$K,2,0),IF(B14="CDHU",VLOOKUP(C14,[25]CDHU!$A:$F,2,0),IF(B14="EQUIP_SIURB",VLOOKUP(C14,'[25]Equip Com Des Jan25'!$A:$D,2,0),""))))) -> LOCAÇÃO CONVENCIONAL DE OBRA, UTILIZANDO GABARITO DE TÁBUAS CORRIDAS PONTALETADAS A CADA 2,00M - 2 UTILIZAÇÕES. AF_03/2024 | E14: =IF(B14="SIURB_INFRA",VLOOKUP(C14,'[25]Custos Unit INFRA ComDes Jan25'!$A:$D,3,0),IF(B14="SIURB_EDIF",VLOOKUP(C14,'[25]Custos Unit EDIF ComDes Jan25'!$A:$D,3,0),IF(B14="SINAPI",VLOOKUP(C14,[25]SINAPI!$G:$K,3,0),IF(B14="CDHU",VLOOKUP(C14,[25]CDHU!$A:$F,3,0),IF(B14="EQUIP_SIURB","H",""))))) -> M | F14: =VLOOKUP(A14,[25]MEMÓRIA!$B$9:$V$1635,17,FALSE) -> 95 | H14: =ROUND(G14*(1+$I$433),2) -> 0 | I14: =ROUND(G14*F14,2) -> 0 | J14: =ROUND(H14*F14,2) -> 0
A15: 1.1.7 | B15: SINAPI | C15: 99063 | D15: =IF(B15="SIURB_INFRA",VLOOKUP(C15,'[25]Custos Unit INFRA ComDes Jan25'!$A:$D,2,0),IF(B15="SIURB_EDIF",VLOOKUP(C15,'[25]Custos Unit EDIF ComDes Jan25'!$A:$D,2,0),IF(B15="SINAPI",VLOOKUP(C15,[25]SINAPI!$G:$K,2,0),IF(B15="CDHU",VLOOKUP(C15,[25]CDHU!$A:$F,2,0),IF(B15="EQUIP_SIURB",VLOOKUP(C15,'[25]Equip Com Des Jan25'!$A:$D,2,0),""))))) -> LOCAÇÃO DE REDE DE ÁGUA OU ESGOTO. AF_03/2024 | E15: =IF(B15="SIURB_INFRA",VLOOKUP(C15,'[25]Custos Unit INFRA ComDes Jan25'!$A:$D,3,0),IF(B15="SIURB_EDIF",VLOOKUP(C15,'[25]Custos Unit EDIF ComDes Jan25'!$A:$D,3,0),IF(B15="SINAPI",VLOOKUP(C15,[25]SINAPI!$G:$K,3,0),IF(B15="CDHU",VLOOKUP(C15,[25]CDHU!$A:$F,3,0),IF(B15="EQUIP_SIURB","H",""))))) -> M | F15: =VLOOKUP(A15,[25]MEMÓRIA!$B$9:$V$1635,17,FALSE) -> 700 | H15: =ROUND(G15*(1+$I$433),2) -> 0 | I15: =ROUND(G15*F15,2) -> 0 | J15: =ROUND(H15*F15,2) -> 0
A16: 1.2 | D16: MOVIMENTAÇÃO TERRA | I16: =SUBTOTAL(9,I17:I36) -> 0 | J16: =SUBTOTAL(9,J17:J36) -> 0
A17: 1.2.1 | B17: SIURB_EDIF | C17: 1001001 | D17: =IF(B17="SIURB_INFRA",VLOOKUP(C17,'[25]Custos Unit INFRA ComDes Jan25'!$A:$D,2,0),IF(B17="SIURB_EDIF",VLOOKUP(C17,'[25]Custos Unit EDIF ComDes Jan25'!$A:$D,2,0),IF(B17="SINAPI",VLOOKUP(C17,[25]SINAPI!$G:$K,2,0),IF(B17="CDHU",VLOOKUP(C17,[25]CDHU!$A:$F,2,0),IF(B17="EQUIP_SIURB",VLOOKUP(C17,'[25]Equip Com Des Jan25'!$A:$D,2,0),""))))) -> LIMPEZA MECANIZADA GERAL, INCLUSIVE REMOÇÃO DA COBERTURA VEGETAL - TRONCOS COM DIÂMETRO ATÉ 10CM - SEM TRANSPORTE | E17: =IF(B17="SIURB_INFRA",VLOOKUP(C17,'[25]Custos Unit INFRA ComDes Jan25'!$A:$D,3,0),IF(B17="SIURB_EDIF",VLOOKUP(C17,'[25]Custos Unit EDIF ComDes Jan25'!$A:$D,3,0),IF(B17="SINAPI",VLOOKUP(C17,[25]SINAPI!$G:$K,3,0),IF(B17="CDHU",VLOOKUP(C17,[25]CDHU!$A:$F,3,0),IF(B17="EQUIP_SIURB","H",""))))) -> M2 | F17: =VLOOKUP(A17,[25]MEMÓRIA!$B$9:$V$1635,17,FALSE) -> 6500 | H17: =ROUND(G17*(1+$I$433),2) -> 0 | I17: =ROUND(G17*F17,2) -> 0 | J17: =ROUND(H17*F17,2) -> 0
A18: 1.2.2 | B18: SIURB_EDIF | C18: 1001005 | D18: =IF(B18="SIURB_INFRA",VLOOKUP(C18,'[25]Custos Unit INFRA ComDes Jan25'!$A:$D,2,0),IF(B18="SIURB_EDIF",VLOOKUP(C18,'[25]Custos Unit EDIF ComDes Jan25'!$A:$D,2,0),IF(B18="SINAPI",VLOOKUP(C18,[25]SINAPI!$G:$K,2,0),IF(B18="CDHU",VLOOKUP(C18,[25]CDHU!$A:$F,2,0),IF(B18="EQUIP_SIURB",VLOOKUP(C18,'[25]Equip Com Des Jan25'!$A:$D,2,0),""))))) -> CARGA MECANIZADA E REMOÇÃO DE ENTULHO, INCLUSIVE TRANSPORTE ATÉ 1KM | E18: =IF(B18="SIURB_INFRA",VLOOKUP(C18,'[25]Custos Unit INFRA ComDes Jan25'!$A:$D,3,0),IF(B18="SIURB_EDIF",VLOOKUP(C18,'[25]Custos Unit EDIF ComDes Jan25'!$A:$D,3,0),IF(B18="SINAPI",VLOOKUP(C18,[25]SINAPI!$G:$K,3,0),IF(B18="CDHU",VLOOKUP(C18,[25]CDHU!$A:$F,3,0),IF(B18="EQUIP_SIURB","H",""))))) -> M3 | F18: =VLOOKUP(A18,[25]MEMÓRIA!$B$9:$V$1635,17,FALSE) -> 8000 | H18: =ROUND(G18*(1+$I$433),2) -> 0 | I18: =ROUND(G18*F18,2) -> 0 | J18: =ROUND(H18*F18,2) -> 0
A19: 1.2.3 | B19: SIURB_EDIF | C19: 1001007 | D19: =IF(B19="SIURB_INFRA",VLOOKUP(C19,'[25]Custos Unit INFRA ComDes Jan25'!$A:$D,2,0),IF(B19="SIURB_EDIF",VLOOKUP(C19,'[25]Custos Unit EDIF ComDes Jan25'!$A:$D,2,0),IF(B19="SINAPI",VLOOKUP(C19,[25]SINAPI!$G:$K,2,0),IF(B19="CDHU",VLOOKUP(C19,[25]CDHU!$A:$F,2,0),IF(B19="EQUIP_SIURB",VLOOKUP(C19,'[25]Equip Com Des Jan25'!$A:$D,2,0),""))))) -> REMOÇÃO DE ENTULHO COM CAÇAMBA METÁLICA, INCLUSIVE CARGA MANUAL E DESCARGA EM BOTA-FORA | E19: =IF(B19="SIURB_INFRA",VLOOKUP(C19,'[25]Custos Unit INFRA ComDes Jan25'!$A:$D,3,0),IF(B19="SIURB_EDIF",VLOOKUP(C19,'[25]Custos Unit EDIF ComDes Jan25'!$A:$D,3,0),IF(B19="SINAPI",VLOOKUP(C19,[25]SINAPI!$G:$K,3,0),IF(B19="CDHU",VLOOKUP(C19,[25]CDHU!$A:$F,3,0),IF(B19="EQUIP_SIURB","H",""))))) -> M3 | F19: =VLOOKUP(A19,[25]MEMÓRIA!$B$9:$V$1635,17,FALSE) -> 120 | H19: =ROUND(G19*(1+$I$433),2) -> 0 | I19: =ROUND(G19*F19,2) -> 0 | J19: =ROUND(H19*F19,2) -> 0
A20: 1.2.4 | B20: SIURB_EDIF | C20: 1001008 | D20: =IF(B20="SIURB_INFRA",VLOOKUP(C20,'[25]Custos Unit INFRA ComDes Jan25'!$A:$D,2,0),IF(B20="SIURB_EDIF",VLOOKUP(C20,'[25]Custos Unit EDIF ComDes Jan25'!$A:$D,2,0),IF(B20="SINAPI",VLOOKUP(C20,[25]SINAPI!$G:$K,2,0),IF(B20="CDHU",VLOOKUP(C20,[25]CDHU!$A:$F,2,0),IF(B20="EQUIP_SIURB",VLOOKUP(C20,'[25]Equip Com Des Jan25'!$A:$D,2,0),""))))) -> LIMPEZA MANUAL GERAL INCLUSIVE REMOÇÃO DE COBERTURA VEGETAL - TRONCO ATÉ 10CM - SEM TRANSPORTE | E20: =IF(B20="SIURB_INFRA",VLOOKUP(C20,'[25]Custos Unit INFRA ComDes Jan25'!$A:$D,3,0),IF(B20="SIURB_EDIF",VLOOKUP(C20,'[25]Custos Unit EDIF ComDes Jan25'!$A:$D,3,0),IF(B20="SINAPI",VLOOKUP(C20,[25]SINAPI!$G:$K,3,0),IF(B20="CDHU",VLOOKUP(C20,[25]CDHU!$A:$F,3,0),IF(B20="EQUIP_SIURB","H",""))))) -> M2 | F20: =VLOOKUP(A20,[25]MEMÓRIA!$B$9:$V$1635,17,FALSE) -> 600 | H20: =ROUND(G20*(1+$I$433),2) -> 0 | I20: =ROUND(G20*F20,2) -> 0 | J20: =ROUND(H20*F20,2) -> 0
A21: 1.2.5 | B21: SIURB_EDIF | C21: 1001009 | D21: =IF(B21="SIURB_INFRA",VLOOKUP(C21,'[25]Custos Unit INFRA ComDes Jan25'!$A:$D,2,0),IF(B21="SIURB_EDIF",VLOOKUP(C21,'[25]Custos Unit EDIF ComDes Jan25'!$A:$D,2,0),IF(B21="SINAPI",VLOOKUP(C21,[25]SINAPI!$G:$K,2,0),IF(B21="CDHU",VLOOKUP(C21,[25]CDHU!$A:$F,2,0),IF(B21="EQUIP_SIURB",VLOOKUP(C21,'[25]Equip Com Des Jan25'!$A:$D,2,0),""))))) -> DESTOCAMENTO MANUAL, INCLUSIVE REMOÇÃO DE RAÍZES - DIÂMETRO 10,01 À 30 CM | E21: =IF(B21="SIURB_INFRA",VLOOKUP(C21,'[25]Custos Unit INFRA ComDes Jan25'!$A:$D,3,0),IF(B21="SIURB_EDIF",VLOOKUP(C21,'[25]Custos Unit EDIF ComDes Jan25'!$A:$D,3,0),IF(B21="SINAPI",VLOOKUP(C21,[25]SINAPI!$G:$K,3,0),IF(B21="CDHU",VLOOKUP(C21,[25]CDHU!$A:$F,3,0),IF(B21="EQUIP_SIURB","H",""))))) -> UN | F21: =VLOOKUP(A21,[25]MEMÓRIA!$B$9:$V$1635,17,FALSE) -> 9 | H21: =ROUND(G21*(1+$I$433),2) -> 0 | I21: =ROUND(G21*F21,2) -> 0 | J21: =ROUND(H21*F21,2) -> 0
A22: 1.2.6 | B22: SIURB_EDIF | C22: 1001020 | D22: =IF(B22="SIURB_INFRA",VLOOKUP(C22,'[25]Custos Unit INFRA ComDes Jan25'!$A:$D,2,0),IF(B22="SIURB_EDIF",VLOOKUP(C22,'[25]Custos Unit EDIF ComDes Jan25'!$A:$D,2,0),IF(B22="SINAPI",VLOOKUP(C22,[25]SINAPI!$G:$K,2,0),IF(B22="CDHU",VLOOKUP(C22,[25]CDHU!$A:$F,2,0),IF(B22="EQUIP_SIURB",VLOOKUP(C22,'[25]Equip Com Des Jan25'!$A:$D,2,0),""))))) -> CORTE, RECORTE E REMOÇÃO DE ÁRVORES INCLUSIVE RAIZES DIÂM. > 5 E < 15CM | E22: =IF(B22="SIURB_INFRA",VLOOKUP(C22,'[25]Custos Unit INFRA ComDes Jan25'!$A:$D,3,0),IF(B22="SIURB_EDIF",VLOOKUP(C22,'[25]Custos Unit EDIF ComDes Jan25'!$A:$D,3,0),IF(B22="SINAPI",VLOOKUP(C22,[25]SINAPI!$G:$K,3,0),IF(B22="CDHU",VLOOKUP(C22,[25]CDHU!$A:$F,3,0),IF(B22="EQUIP_SIURB","H",""))))) -> UN | F22: =VLOOKUP(A22,[25]MEMÓRIA!$B$9:$V$1635,17,FALSE) -> 9 | H22: =ROUND(G22*(1+$I$433),2) -> 0 | I22: =ROUND(G22*F22,2) -> 0 | J22: =ROUND(H22*F22,2) -> 0
A23: 1.2.7 | B23: SIURB_EDIF | C23: 1001021 | D23: =IF(B23="SIURB_INFRA",VLOOKUP(C23,'[25]Custos Unit INFRA ComDes Jan25'!$A:$D,2,0),IF(B23="SIURB_EDIF",VLOOKUP(C23,'[25]Custos Unit EDIF ComDes Jan25'!$A:$D,2,0),IF(B23="SINAPI",VLOOKUP(C23,[25]SINAPI!$G:$K,2,0),IF(B23="CDHU",VLOOKUP(C23,[25]CDHU!$A:$F,2,0),IF(B23="EQUIP_SIURB",VLOOKUP(C23,'[25]Equip Com Des Jan25'!$A:$D,2,0),""))))) -> CORTE, RECORTE E REMOÇÃO DE ÁRVORES INCLUSIVE RAIZES DIÂM. > 15 E < 30CM | E23: =IF(B23="SIURB_INFRA",VLOOKUP(C23,'[25]Custos Unit INFRA ComDes Jan25'!$A:$D,3,0),IF(B23="SIURB_EDIF",VLOOKUP(C23,'[25]Custos Unit EDIF ComDes Jan25'!$A:$D,3,0),IF(B23="SINAPI",VLOOKUP(C23,[25]SINAPI!$G:$K,3,0),IF(B23="CDHU",VLOOKUP(C23,[25]CDHU!$A:$F,3,0),IF(B23="EQUIP_SIURB","H",""))))) -> UN | F23: =VLOOKUP(A23,[25]MEMÓRIA!$B$9:$V$1635,17,FALSE) -> 4 | H23: =ROUND(G23*(1+$I$433),2) -> 0 | I23: =ROUND(G23*F23,2) -> 0 | J23: =ROUND(H23*F23,2) -> 0
A24: 1.2.8 | B24: SIURB_EDIF | C24: 1003005 | D24: =IF(B24="SIURB_INFRA",VLOOKUP(C24,'[25]Custos Unit INFRA ComDes Jan25'!$A:$D,2,0),IF(B24="SIURB_EDIF",VLOOKUP(C24,'[25]Custos Unit EDIF ComDes Jan25'!$A:$D,2,0),IF(B24="SINAPI",VLOOKUP(C24,[25]SINAPI!$G:$K,2,0),IF(B24="CDHU",VLOOKUP(C24,[25]CDHU!$A:$F,2,0),IF(B24="EQUIP_SIURB",VLOOKUP(C24,'[25]Equip Com Des Jan25'!$A:$D,2,0),""))))) -> FORNECIMENTO DE TERRA, INCLUSIVE CORTE, CARGA, DESCARGA E TRANSPORTE ATÉ 1KM | E24: =IF(B24="SIURB_INFRA",VLOOKUP(C24,'[25]Custos Unit INFRA ComDes Jan25'!$A:$D,3,0),IF(B24="SIURB_EDIF",VLOOKUP(C24,'[25]Custos Unit EDIF ComDes Jan25'!$A:$D,3,0),IF(B24="SINAPI",VLOOKUP(C24,[25]SINAPI!$G:$K,3,0),IF(B24="CDHU",VLOOKUP(C24,[25]CDHU!$A:$F,3,0),IF(B24="EQUIP_SIURB","H",""))))) -> M3 | F24: =VLOOKUP(A24,[25]MEMÓRIA!$B$9:$V$1635,17,FALSE) -> 7000 | H24: =ROUND(G24*(1+$I$433),2) -> 0 | I24: =ROUND(G24*F24,2) -> 0 | J24: =ROUND(H24*F24,2) -> 0
A25: 1.2.9 | B25: SIURB_EDIF | C25: 1003006 | D25: =IF(B25="SIURB_INFRA",VLOOKUP(C25,'[25]Custos Unit INFRA ComDes Jan25'!$A:$D,2,0),IF(B25="SIURB_EDIF",VLOOKUP(C25,'[25]Custos Unit EDIF ComDes Jan25'!$A:$D,2,0),IF(B25="SINAPI",VLOOKUP(C25,[25]SINAPI!$G:$K,2,0),IF(B25="CDHU",VLOOKUP(C25,[25]CDHU!$A:$F,2,0),IF(B25="EQUIP_SIURB",VLOOKUP(C25,'[25]Equip Com Des Jan25'!$A:$D,2,0),""))))) -> ATERRO, INCLUSIVE COMPACTAÇÃO | E25: =IF(B25="SIURB_INFRA",VLOOKUP(C25,'[25]Custos Unit INFRA ComDes Jan25'!$A:$D,3,0),IF(B25="SIURB_EDIF",VLOOKUP(C25,'[25]Custos Unit EDIF ComDes Jan25'!$A:$D,3,0),IF(B25="SINAPI",VLOOKUP(C25,[25]SINAPI!$G:$K,3,0),IF(B25="CDHU",VLOOKUP(C25,[25]CDHU!$A:$F,3,0),IF(B25="EQUIP_SIURB","H",""))))) -> M3 | F25: =VLOOKUP(A25,[25]MEMÓRIA!$B$9:$V$1635,17,FALSE) -> 5400 | H25: =ROUND(G25*(1+$I$433),2) -> 0 | I25: =ROUND(G25*F25,2) -> 0 | J25: =ROUND(H25*F25,2) -> 0
A26: 1.2.10 | B26: SIURB_EDIF | C26: 1003010 | D26: =IF(B26="SIURB_INFRA",VLOOKUP(C26,'[25]Custos Unit INFRA ComDes Jan25'!$A:$D,2,0),IF(B26="SIURB_EDIF",VLOOKUP(C26,'[25]Custos Unit EDIF ComDes Jan25'!$A:$D,2,0),IF(B26="SINAPI",VLOOKUP(C26,[25]SINAPI!$G:$K,2,0),IF(B26="CDHU",VLOOKUP(C26,[25]CDHU!$A:$F,2,0),IF(B26="EQUIP_SIURB",VLOOKUP(C26,'[25]Equip Com Des Jan25'!$A:$D,2,0),""))))) -> TRANSPORTE DE TERRA POR CAMINHÃO BASCULANTE, A PARTIR DE 1KM | E26: =IF(B26="SIURB_INFRA",VLOOKUP(C26,'[25]Custos Unit INFRA ComDes Jan25'!$A:$D,3,0),IF(B26="SIURB_EDIF",VLOOKUP(C26,'[25]Custos Unit EDIF ComDes Jan25'!$A:$D,3,0),IF(B26="SINAPI",VLOOKUP(C26,[25]SINAPI!$G:$K,3,0),IF(B26="CDHU",VLOOKUP(C26,[25]CDHU!$A:$F,3,0),IF(B26="EQUIP_SIURB","H",""))))) -> M3XKM | F26: =VLOOKUP(A26,[25]MEMÓRIA!$B$9:$V$1635,17,FALSE) -> 60000 | H26: =ROUND(G26*(1+$I$433),2) -> 0 | I26: =ROUND(G26*F26,2) -> 0 | J26: =ROUND(H26*F26,2) -> 0
A27: 1.2.11 | B27: SIURB_EDIF | C27: 1004001 | D27: =IF(B27="SIURB_INFRA",VLOOKUP(C27,'[25]Custos Unit INFRA ComDes Jan25'!$A:$D,2,0),IF(B27="SIURB_EDIF",VLOOKUP(C27,'[25]Custos Unit EDIF ComDes Jan25'!$A:$D,2,0),IF(B27="SINAPI",VLOOKUP(C27,[25]SINAPI!$G:$K,2,0),IF(B27="CDHU",VLOOKUP(C27,[25]CDHU!$A:$F,2,0),IF(B27="EQUIP_SIURB",VLOOKUP(C27,'[25]Equip Com Des Jan25'!$A:$D,2,0),""))))) -> ESCAVAÇÃO MANUAL, PROFUNDIDADE IGUAL OU INFERIOR A 1,50M | E27: =IF(B27="SIURB_INFRA",VLOOKUP(C27,'[25]Custos Unit INFRA ComDes Jan25'!$A:$D,3,0),IF(B27="SIURB_EDIF",VLOOKUP(C27,'[25]Custos Unit EDIF ComDes Jan25'!$A:$D,3,0),IF(B27="SINAPI",VLOOKUP(C27,[25]SINAPI!$G:$K,3,0),IF(B27="CDHU",VLOOKUP(C27,[25]CDHU!$A:$F,3,0),IF(B27="EQUIP_SIURB","H",""))))) -> M3 | F27: =VLOOKUP(A27,[25]MEMÓRIA!$B$9:$V$1635,17,FALSE) -> 300 | H27: =ROUND(G27*(1+$I$433),2) -> 0 | I27: =ROUND(G27*F27,2) -> 0 | J27: =ROUND(H27*F27,2) -> 0
A28: 1.2.12 | B28: SIURB_EDIF | C28: 1004010 | D28: =IF(B28="SIURB_INFRA",VLOOKUP(C28,'[25]Custos Unit INFRA ComDes Jan25'!$A:$D,2,0),IF(B28="SIURB_EDIF",VLOOKUP(C28,'[25]Custos Unit EDIF ComDes Jan25'!$A:$D,2,0),IF(B28="SINAPI",VLOOKUP(C28,[25]SINAPI!$G:$K,2,0),IF(B28="CDHU",VLOOKUP(C28,[25]CDHU!$A:$F,2,0),IF(B28="EQUIP_SIURB",VLOOKUP(C28,'[25]Equip Com Des Jan25'!$A:$D,2,0),""))))) -> APILOAMENTO DO FUNDO DE VALAS, PARA SIMPLES REGULARIZAÇÃO | E28: =IF(B28="SIURB_INFRA",VLOOKUP(C28,'[25]Custos Unit INFRA ComDes Jan25'!$A:$D,3,0),IF(B28="SIURB_EDIF",VLOOKUP(C28,'[25]Custos Unit EDIF ComDes Jan25'!$A:$D,3,0),IF(B28="SINAPI",VLOOKUP(C28,[25]SINAPI!$G:$K,3,0),IF(B28="CDHU",VLOOKUP(C28,[25]CDHU!$A:$F,3,0),IF(B28="EQUIP_SIURB","H",""))))) -> M2 | F28: =VLOOKUP(A28,[25]MEMÓRIA!$B$9:$V$1635,17,FALSE) -> 2000 | H28: =ROUND(G28*(1+$I$433),2) -> 0 | I28: =ROUND(G28*F28,2) -> 0 | J28: =ROUND(H28*F28,2) -> 0
... A34: 1.2.18 | B34: SIURB_INFRA | C34: 8080000 | D34: =IF(B34="SIURB_INFRA",VLOOKUP(C34,'[25]Custos Unit INFRA ComDes Jan25'!$A:$D,2,0),IF(B34="SIURB_EDIF",VLOOKUP(C34,'[25]Custos Unit EDIF ComDes Jan25'!$A:$D,2,0),IF(B34="SINAPI",VLOOKUP(C34,[25]SINAPI!$G:$K,2,0),IF(B34="CDHU",VLOOKUP(C34,[25]CDHU!$A:$F,2,0),IF(B34="EQUIP_SIURB",VLOOKUP(C34,'[25]Equip Com Des Jan25'!$A:$D,2,0),""))))) -> CARGA E REMOÇÃO DE ENTULHO ATÉ A DISTÂNCIA MÉDIA DE IDA E VOLTA DE 1KM | E34: =IF(B34="SIURB_INFRA",VLOOKUP(C34,'[25]Custos Unit INFRA ComDes Jan25'!$A:$D,3,0),IF(B34="SIURB_EDIF",VLOOKUP(C34,'[25]Custos Unit EDIF ComDes Jan25'!$A:$D,3,0),IF(B34="SINAPI",VLOOKUP(C34,[25]SINAPI!$G:$K,3,0),IF(B34="CDHU",VLOOKUP(C34,[25]CDHU!$A:$F,3,0),IF(B34="EQUIP_SIURB","H",""))))) -> M3 | F34: =VLOOKUP(A34,[25]MEMÓRIA!$B$9:$V$1635,17,FALSE) -> 15000 | H34: =ROUND(G34*(1+$I$433),2) -> 0 | I34: =ROUND(G34*F34,2) -> 0 | J34: =ROUND(H34*F34,2) -> 0
A35: 1.2.19 | B35: COMPOSIÇÃO | C35: CPU-1 | D35: REMOÇÃO DE MATERIAL PROVENIENTE DE CÓRREGO (CLASSE II-A) ALÉM DO 1.º KM, INCLUSO TRANSPORTE E DESCARTE EM LOCAL ADEQUADO. | E35: M3 | F35: =VLOOKUP(A35,[25]MEMÓRIA!$B$9:$V$1635,17,FALSE) -> 2864 | H35: =ROUND(G35*(1+$I$433),2) -> 0 | I35: =ROUND(G35*F35,2) -> 0 | J35: =ROUND(H35*F35,2) -> 0
A36: 1.2.20 | B36: COMPOSIÇÃO | C36: CPU-2 | D36: REMOÇÃO DE MATERIAL PROVENIENTE DE CÓRREGO (CLASSE II-B) ALÉM DO 1.º KM, INCLUSO TRANSPORTE E DESCARTE EM LOCAL ADEQUADO. | E36: M3 | F36: =VLOOKUP(A36,[25]MEMÓRIA!$B$9:$V$1635,17,FALSE) -> 8000 | H36: =ROUND(G36*(1+$I$433),2) -> 0 | I36: =ROUND(G36*F36,2) -> 0 | J36: =ROUND(H36*F36,2) -> 0
A37: 1.3 | D37: PAVIMENTAÇÃO | I37: =SUBTOTAL(9,I38:I84) -> 0 | J37: =SUBTOTAL(9,J38:J84) -> 0
A38: 1.3.1 | B38: SIURB_INFRA | C38: 5001000 | D38: =IF(B38="SIURB_INFRA",VLOOKUP(C38,'[25]Custos Unit INFRA ComDes Jan25'!$A:$D,2,0),IF(B38="SIURB_EDIF",VLOOKUP(C38,'[25]Custos Unit EDIF ComDes Jan25'!$A:$D,2,0),IF(B38="SINAPI",VLOOKUP(C38,[25]SINAPI!$G:$K,2,0),IF(B38="CDHU",VLOOKUP(C38,[25]CDHU!$A:$F,2,0),IF(B38="EQUIP_SIURB",VLOOKUP(C38,'[25]Equip Com Des Jan25'!$A:$D,2,0),""))))) -> ARRANCAMENTO DE GUIAS, INCLUI CARGA EM CAMINHÃO | E38: =IF(B38="SIURB_INFRA",VLOOKUP(C38,'[25]Custos Unit INFRA ComDes Jan25'!$A:$D,3,0),IF(B38="SIURB_EDIF",VLOOKUP(C38,'[25]Custos Unit EDIF ComDes Jan25'!$A:$D,3,0),IF(B38="SINAPI",VLOOKUP(C38,[25]SINAPI!$G:$K,3,0),IF(B38="CDHU",VLOOKUP(C38,[25]CDHU!$A:$F,3,0),IF(B38="EQUIP_SIURB","H",""))))) -> M | F38: =VLOOKUP(A38,[25]MEMÓRIA!$B$9:$V$1635,17,FALSE) -> 500 | H38: =ROUND(G38*(1+$I$433),2) -> 0 | I38: =ROUND(G38*F38,2) -> 0 | J38: =ROUND(H38*F38,2) -> 0
A39: 1.3.2 | B39: SIURB_INFRA | C39: 5003000 | D39: =IF(B39="SIURB_INFRA",VLOOKUP(C39,'[25]Custos Unit INFRA ComDes Jan25'!$A:$D,2,0),IF(B39="SIURB_EDIF",VLOOKUP(C39,'[25]Custos Unit EDIF ComDes Jan25'!$A:$D,2,0),IF(B39="SINAPI",VLOOKUP(C39,[25]SINAPI!$G:$K,2,0),IF(B39="CDHU",VLOOKUP(C39,[25]CDHU!$A:$F,2,0),IF(B39="EQUIP_SIURB",VLOOKUP(C39,'[25]Equip Com Des Jan25'!$A:$D,2,0),""))))) -> DEMOLIÇÃO DE PAVIMENTO DE CONCRETO, SARJETA OU SARJETÃO, INCLUI CARGA EM CAMINHÃO | E39: =IF(B39="SIURB_INFRA",VLOOKUP(C39,'[25]Custos Unit INFRA ComDes Jan25'!$A:$D,3,0),IF(B39="SIURB_EDIF",VLOOKUP(C39,'[25]Custos Unit EDIF ComDes Jan25'!$A:$D,3,0),IF(B39="SINAPI",VLOOKUP(C39,[25]SINAPI!$G:$K,3,0),IF(B39="CDHU",VLOOKUP(C39,[25]CDHU!$A:$F,3,0),IF(B39="EQUIP_SIURB","H",""))))) -> M2 | F39: =VLOOKUP(A39,[25]MEMÓRIA!$B$9:$V$1635,17,FALSE) -> 1500 | H39: =ROUND(G39*(1+$I$433),2) -> 0 | I39: =ROUND(G39*F39,2) -> 0 | J39: =ROUND(H39*F39,2) -> 0
A40: 1.3.3 | B40: SIURB_INFRA | C40: 5081000 | D40: =IF(B40="SIURB_INFRA",VLOOKUP(C40,'[25]Custos Unit INFRA ComDes Jan25'!$A:$D,2,0),IF(B40="SIURB_EDIF",VLOOKUP(C40,'[25]Custos Unit EDIF ComDes Jan25'!$A:$D,2,0),IF(B40="SINAPI",VLOOKUP(C40,[25]SINAPI!$G:$K,2,0),IF(B40="CDHU",VLOOKUP(C40,[25]CDHU!$A:$F,2,0),IF(B40="EQUIP_SIURB",VLOOKUP(C40,'[25]Equip Com Des Jan25'!$A:$D,2,0),""))))) -> TRANSPORTE DE PAVIMENTO DE CONCRETO, SARJETA E SARJETÃO | E40: =IF(B40="SIURB_INFRA",VLOOKUP(C40,'[25]Custos Unit INFRA ComDes Jan25'!$A:$D,3,0),IF(B40="SIURB_EDIF",VLOOKUP(C40,'[25]Custos Unit EDIF ComDes Jan25'!$A:$D,3,0),IF(B40="SINAPI",VLOOKUP(C40,[25]SINAPI!$G:$K,3,0),IF(B40="CDHU",VLOOKUP(C40,[25]CDHU!$A:$F,3,0),IF(B40="EQUIP_SIURB","H",""))))) -> M2XKM | F40: =VLOOKUP(A40,[25]MEMÓRIA!$B$9:$V$1635,17,FALSE) -> 9750 | H40: =ROUND(G40*(1+$I$433),2) -> 0 | I40: =ROUND(G40*F40,2) -> 0 | J40: =ROUND(H40*F40,2) -> 0
A41: 1.3.4 | B41: SIURB_INFRA | C41: 5004000 | D41: =IF(B41="SIURB_INFRA",VLOOKUP(C41,'[25]Custos Unit INFRA ComDes Jan25'!$A:$D,2,0),IF(B41="SIURB_EDIF",VLOOKUP(C41,'[25]Custos Unit EDIF ComDes Jan25'!$A:$D,2,0),IF(B41="SINAPI",VLOOKUP(C41,[25]SINAPI!$G:$K,2,0),IF(B41="CDHU",VLOOKUP(C41,[25]CDHU!$A:$F,2,0),IF(B41="EQUIP_SIURB",VLOOKUP(C41,'[25]Equip Com Des Jan25'!$A:$D,2,0),""))))) -> DEMOLIÇÃO DE PAVIMENTO ASFÁLTICO, INCLUSIVE CAPA, INCLUI CARGA NO CAMINHÃO | E41: =IF(B41="SIURB_INFRA",VLOOKUP(C41,'[25]Custos Unit INFRA ComDes Jan25'!$A:$D,3,0),IF(B41="SIURB_EDIF",VLOOKUP(C41,'[25]Custos Unit EDIF ComDes Jan25'!$A:$D,3,0),IF(B41="SINAPI",VLOOKUP(C41,[25]SINAPI!$G:$K,3,0),IF(B41="CDHU",VLOOKUP(C41,[25]CDHU!$A:$F,3,0),IF(B41="EQUIP_SIURB","H",""))))) -> M2 | F41: =VLOOKUP(A41,[25]MEMÓRIA!$B$9:$V$1635,17,FALSE) -> 600 | H41: =ROUND(G41*(1+$I$433),2) -> 0 | I41: =ROUND(G41*F41,2) -> 0 | J41: =ROUND(H41*F41,2) -> 0
A42: 1.3.5 | B42: SIURB_EDIF | C42: 17050040 | D42: =IF(B42="SIURB_INFRA",VLOOKUP(C42,'[25]Custos Unit INFRA ComDes Jan25'!$A:$D,2,0),IF(B42="SIURB_EDIF",VLOOKUP(C42,'[25]Custos Unit EDIF ComDes Jan25'!$A:$D,2,0),IF(B42="SINAPI",VLOOKUP(C42,[25]SINAPI!$G:$K,2,0),IF(B42="CDHU",VLOOKUP(C42,[25]CDHU!$A:$F,2,0),IF(B42="EQUIP_SIURB",VLOOKUP(C42,'[25]Equip Com Des Jan25'!$A:$D,2,0),""))))) -> DEMOLIÇÃO DE PAVIMENTAÇÃO ASFÁLTICA, CAPA E BASE - MANUAL | E42: =IF(B42="SIURB_INFRA",VLOOKUP(C42,'[25]Custos Unit INFRA ComDes Jan25'!$A:$D,3,0),IF(B42="SIURB_EDIF",VLOOKUP(C42,'[25]Custos Unit EDIF ComDes Jan25'!$A:$D,3,0),IF(B42="SINAPI",VLOOKUP(C42,[25]SINAPI!$G:$K,3,0),IF(B42="CDHU",VLOOKUP(C42,[25]CDHU!$A:$F,3,0),IF(B42="EQUIP_SIURB","H",""))))) -> M2 | F42: =VLOOKUP(A42,[25]MEMÓRIA!$B$9:$V$1635,17,FALSE) -> 400 | H42: =ROUND(G42*(1+$I$433),2) -> 0 | I42: =ROUND(G42*F42,2) -> 0 | J42: =ROUND(H42*F42,2) -> 0
A43: 1.3.6 | B43: SIURB_INFRA | C43: 5067000 | D43: =IF(B43="SIURB_INFRA",VLOOKUP(C43,'[25]Custos Unit INFRA ComDes Jan25'!$A:$D,2,0),IF(B43="SIURB_EDIF",VLOOKUP(C43,'[25]Custos Unit EDIF ComDes Jan25'!$A:$D,2,0),IF(B43="SINAPI",VLOOKUP(C43,[25]SINAPI!$G:$K,2,0),IF(B43="CDHU",VLOOKUP(C43,[25]CDHU!$A:$F,2,0),IF(B43="EQUIP_SIURB",VLOOKUP(C43,'[25]Equip Com Des Jan25'!$A:$D,2,0),""))))) -> TRANSPORTE DE PAVIMENTO ASFÁLTICO | E43: =IF(B43="SIURB_INFRA",VLOOKUP(C43,'[25]Custos Unit INFRA ComDes Jan25'!$A:$D,3,0),IF(B43="SIURB_EDIF",VLOOKUP(C43,'[25]Custos Unit EDIF ComDes Jan25'!$A:$D,3,0),IF(B43="SINAPI",VLOOKUP(C43,[25]SINAPI!$G:$K,3,0),IF(B43="CDHU",VLOOKUP(C43,[25]CDHU!$A:$F,3,0),IF(B43="EQUIP_SIURB","H",""))))) -> M2XKM | F43: =VLOOKUP(A43,[25]MEMÓRIA!$B$9:$V$1635,17,FALSE) -> 5500 | H43: =ROUND(G43*(1+$I$433),2) -> 0 | I43: =ROUND(G43*F43,2) -> 0 | J43: =ROUND(H43*F43,2) -> 0
A44: 1.3.7 | B44: SIURB_INFRA | C44: 5007000 | D44: =IF(B44="SIURB_INFRA",VLOOKUP(C44,'[25]Custos Unit INFRA ComDes Jan25'!$A:$D,2,0),IF(B44="SIURB_EDIF",VLOOKUP(C44,'[25]Custos Unit EDIF ComDes Jan25'!$A:$D,2,0),IF(B44="SINAPI",VLOOKUP(C44,[25]SINAPI!$G:$K,2,0),IF(B44="CDHU",VLOOKUP(C44,[25]CDHU!$A:$F,2,0),IF(B44="EQUIP_SIURB",VLOOKUP(C44,'[25]Equip Com Des Jan25'!$A:$D,2,0),""))))) -> REGULARIZAÇÃO E COMPACTAÇÃO DE RUAS DE TERRA (IE-5) | E44: =IF(B44="SIURB_INFRA",VLOOKUP(C44,'[25]Custos Unit INFRA ComDes Jan25'!$A:$D,3,0),IF(B44="SIURB_EDIF",VLOOKUP(C44,'[25]Custos Unit EDIF ComDes Jan25'!$A:$D,3,0),IF(B44="SINAPI",VLOOKUP(C44,[25]SINAPI!$G:$K,3,0),IF(B44="CDHU",VLOOKUP(C44,[25]CDHU!$A:$F,3,0),IF(B44="EQUIP_SIURB","H",""))))) -> M2 | F44: =VLOOKUP(A44,[25]MEMÓRIA!$B$9:$V$1635,17,FALSE) -> 8000 | H44: =ROUND(G44*(1+$I$433),2) -> 0 | I44: =ROUND(G44*F44,2) -> 0 | J44: =ROUND(H44*F44,2) -> 0
A45: 1.3.8 | B45: SIURB_INFRA | C45: 5011000 | D45: =IF(B45="SIURB_INFRA",VLOOKUP(C45,'[25]Custos Unit INFRA ComDes Jan25'!$A:$D,2,0),IF(B45="SIURB_EDIF",VLOOKUP(C45,'[25]Custos Unit EDIF ComDes Jan25'!$A:$D,2,0),IF(B45="SINAPI",VLOOKUP(C45,[25]SINAPI!$G:$K,2,0),IF(B45="CDHU",VLOOKUP(C45,[25]CDHU!$A:$F,2,0),IF(B45="EQUIP_SIURB",VLOOKUP(C45,'[25]Equip Com Des Jan25'!$A:$D,2,0),""))))) -> ABERTURA DE CAIXA ATÉ 25CM, INCLUI ESCAVAÇÃO, COMPACTAÇÃO, TRANSPORTE E PREPARO DO SUB-LEITO | E45: =IF(B45="SIURB_INFRA",VLOOKUP(C45,'[25]Custos Unit INFRA ComDes Jan25'!$A:$D,3,0),IF(B45="SIURB_EDIF",VLOOKUP(C45,'[25]Custos Unit EDIF ComDes Jan25'!$A:$D,3,0),IF(B45="SINAPI",VLOOKUP(C45,[25]SINAPI!$G:$K,3,0),IF(B45="CDHU",VLOOKUP(C45,[25]CDHU!$A:$F,3,0),IF(B45="EQUIP_SIURB","H",""))))) -> M2 | F45: =VLOOKUP(A45,[25]MEMÓRIA!$B$9:$V$1635,17,FALSE) -> 3500 | H45: =ROUND(G45*(1+$I$433),2) -> 0 | I45: =ROUND(G45*F45,2) -> 0 | J45: =ROUND(H45*F45,2) -> 0
A46: 1.3.9 | B46: SIURB_INFRA | C46: 5010000 | D46: =IF(B46="SIURB_INFRA",VLOOKUP(C46,'[25]Custos Unit INFRA ComDes Jan25'!$A:$D,2,0),IF(B46="SIURB_EDIF",VLOOKUP(C46,'[25]Custos Unit EDIF ComDes Jan25'!$A:$D,2,0),IF(B46="SINAPI",VLOOKUP(C46,[25]SINAPI!$G:$K,2,0),IF(B46="CDHU",VLOOKUP(C46,[25]CDHU!$A:$F,2,0),IF(B46="EQUIP_SIURB",VLOOKUP(C46,'[25]Equip Com Des Jan25'!$A:$D,2,0),""))))) -> ABERTURA DE CAIXA ATÉ 40CM, INCLUI ESCAVAÇÃO, COMPACTAÇÃO, TRANSPORTE E PREPARO DO SUB-LEITO | E46: =IF(B46="SIURB_INFRA",VLOOKUP(C46,'[25]Custos Unit INFRA ComDes Jan25'!$A:$D,3,0),IF(B46="SIURB_EDIF",VLOOKUP(C46,'[25]Custos Unit EDIF ComDes Jan25'!$A:$D,3,0),IF(B46="SINAPI",VLOOKUP(C46,[25]SINAPI!$G:$K,3,0),IF(B46="CDHU",VLOOKUP(C46,[25]CDHU!$A:$F,3,0),IF(B46="EQUIP_SIURB","H",""))))) -> M2 | F46: =VLOOKUP(A46,[25]MEMÓRIA!$B$9:$V$1635,17,FALSE) -> 2500 | H46: =ROUND(G46*(1+$I$433),2) -> 0 | I46: =ROUND(G46*F46,2) -> 0 | J46: =ROUND(H46*F46,2) -> 0
A47: 1.3.10 | B47: SIURB_INFRA | C47: 5014001 | D47: =IF(B47="SIURB_INFRA",VLOOKUP(C47,'[25]Custos Unit INFRA ComDes Jan25'!$A:$D,2,0),IF(B47="SIURB_EDIF",VLOOKUP(C47,'[25]Custos Unit EDIF ComDes Jan25'!$A:$D,2,0),IF(B47="SINAPI",VLOOKUP(C47,[25]SINAPI!$G:$K,2,0),IF(B47="CDHU",VLOOKUP(C47,[25]CDHU!$A:$F,2,0),IF(B47="EQUIP_SIURB",VLOOKUP(C47,'[25]Equip Com Des Jan25'!$A:$D,2,0),""))))) -> INC.27 - FORNECIMENTO E ASSENTAMENTO DE GUIAS TIPO PMSP 100, INCLUSIVE ENCOSTAMENTO DE TERRA - FCK=20,0MPA | E47: =IF(B47="SIURB_INFRA",VLOOKUP(C47,'[25]Custos Unit INFRA ComDes Jan25'!$A:$D,3,0),IF(B47="SIURB_EDIF",VLOOKUP(C47,'[25]Custos Unit EDIF ComDes Jan25'!$A:$D,3,0),IF(B47="SINAPI",VLOOKUP(C47,[25]SINAPI!$G:$K,3,0),IF(B47="CDHU",VLOOKUP(C47,[25]CDHU!$A:$F,3,0),IF(B47="EQUIP_SIURB","H",""))))) -> M | F47: =VLOOKUP(A47,[25]MEMÓRIA!$B$9:$V$1635,17,FALSE) -> 1700 | H47: =ROUND(G47*(1+$I$433),2) -> 0 | I47: =ROUND(G47*F47,2) -> 0 | J47: =ROUND(H47*F47,2) -> 0
A48: 1.3.11 | B48: SIURB_INFRA | C48: 5082000 | D48: =IF(B48="SIURB_INFRA",VLOOKUP(C48,'[25]Custos Unit INFRA ComDes Jan25'!$A:$D,2,0),IF(B48="SIURB_EDIF",VLOOKUP(C48,'[25]Custos Unit EDIF ComDes Jan25'!$A:$D,2,0),IF(B48="SINAPI",VLOOKUP(C48,[25]SINAPI!$G:$K,2,0),IF(B48="CDHU",VLOOKUP(C48,[25]CDHU!$A:$F,2,0),IF(B48="EQUIP_SIURB",VLOOKUP(C48,'[25]Equip Com Des Jan25'!$A:$D,2,0),""))))) -> TRANSPORTE DE GUIAS | E48: =IF(B48="SIURB_INFRA",VLOOKUP(C48,'[25]Custos Unit INFRA ComDes Jan25'!$A:$D,3,0),IF(B48="SIURB_EDIF",VLOOKUP(C48,'[25]Custos Unit EDIF ComDes Jan25'!$A:$D,3,0),IF(B48="SINAPI",VLOOKUP(C48,[25]SINAPI!$G:$K,3,0),IF(B48="CDHU",VLOOKUP(C48,[25]CDHU!$A:$F,3,0),IF(B48="EQUIP_SIURB","H",""))))) -> MXKM | F48: =VLOOKUP(A48,[25]MEMÓRIA!$B$9:$V$1635,17,FALSE) -> 2500 | H48: =ROUND(G48*(1+$I$433),2) -> 0 | I48: =ROUND(G48*F48,2) -> 0 | J48: =ROUND(H48*F48,2) -> 0
A49: 1.3.12 | B49: SIURB_INFRA | C49: 5017000 | D49: =IF(B49="SIURB_INFRA",VLOOKUP(C49,'[25]Custos Unit INFRA ComDes Jan25'!$A:$D,2,0),IF(B49="SIURB_EDIF",VLOOKUP(C49,'[25]Custos Unit EDIF ComDes Jan25'!$A:$D,2,0),IF(B49="SINAPI",VLOOKUP(C49,[25]SINAPI!$G:$K,2,0),IF(B49="CDHU",VLOOKUP(C49,[25]CDHU!$A:$F,2,0),IF(B49="EQUIP_SIURB",VLOOKUP(C49,'[25]Equip Com Des Jan25'!$A:$D,2,0),""))))) -> ARRANCAMENTO E REASSENTAMENTO DE GUIAS SOBRE CONCRETO | E49: =IF(B49="SIURB_INFRA",VLOOKUP(C49,'[25]Custos Unit INFRA ComDes Jan25'!$A:$D,3,0),IF(B49="SIURB_EDIF",VLOOKUP(C49,'[25]Custos Unit EDIF ComDes Jan25'!$A:$D,3,0),IF(B49="SINAPI",VLOOKUP(C49,[25]SINAPI!$G:$K,3,0),IF(B49="CDHU",VLOOKUP(C49,[25]CDHU!$A:$F,3,0),IF(B49="EQUIP_SIURB","H",""))))) -> M | F49: =VLOOKUP(A49,[25]MEMÓRIA!$B$9:$V$1635,17,FALSE) -> 50 | H49: =ROUND(G49*(1+$I$433),2) -> 0 | I49: =ROUND(G49*F49,2) -> 0 | J49: =ROUND(H49*F49,2) -> 0
... A84: 1.3.47 | B84: SIURB_EDIF | C84: 3003030 | D84: =IF(B84="SIURB_INFRA",VLOOKUP(C84,'[25]Custos Unit INFRA ComDes Jan25'!$A:$D,2,0),IF(B84="SIURB_EDIF",VLOOKUP(C84,'[25]Custos Unit EDIF ComDes Jan25'!$A:$D,2,0),IF(B84="SINAPI",VLOOKUP(C84,[25]SINAPI!$G:$K,2,0),IF(B84="CDHU",VLOOKUP(C84,[25]CDHU!$A:$F,2,0),IF(B84="EQUIP_SIURB",VLOOKUP(C84,'[25]Equip Com Des Jan25'!$A:$D,2,0),""))))) -> BOMBEAMENTO DE CONCRETO | E84: =IF(B84="SIURB_INFRA",VLOOKUP(C84,'[25]Custos Unit INFRA ComDes Jan25'!$A:$D,3,0),IF(B84="SIURB_EDIF",VLOOKUP(C84,'[25]Custos Unit EDIF ComDes Jan25'!$A:$D,3,0),IF(B84="SINAPI",VLOOKUP(C84,[25]SINAPI!$G:$K,3,0),IF(B84="CDHU",VLOOKUP(C84,[25]CDHU!$A:$F,3,0),IF(B84="EQUIP_SIURB","H",""))))) -> M3 | F84: =VLOOKUP(A84,[25]MEMÓRIA!$B$9:$V$1635,17,FALSE) -> 150 | H84: =ROUND(G84*(1+$I$433),2) -> 0 | I84: =ROUND(G84*F84,2) -> 0 | J84: =ROUND(H84*F84,2) -> 0
A85: 1.4 | D85: DRENAGEM | I85: =SUBTOTAL(9,I86:I125) -> 0 | J85: =SUBTOTAL(9,J86:J125) -> 0
A86: 1.4.1 | B86: SIURB_INFRA | C86: 6001000 | D86: =IF(B86="SIURB_INFRA",VLOOKUP(C86,'[25]Custos Unit INFRA ComDes Jan25'!$A:$D,2,0),IF(B86="SIURB_EDIF",VLOOKUP(C86,'[25]Custos Unit EDIF ComDes Jan25'!$A:$D,2,0),IF(B86="SINAPI",VLOOKUP(C86,[25]SINAPI!$G:$K,2,0),IF(B86="CDHU",VLOOKUP(C86,[25]CDHU!$A:$F,2,0),IF(B86="EQUIP_SIURB",VLOOKUP(C86,'[25]Equip Com Des Jan25'!$A:$D,2,0),""))))) -> ARRANCAMENTO E REMOÇÃO DE CANALIZAÇÃO, 30,0CM < 0 < OU = A 60CM | E86: =IF(B86="SIURB_INFRA",VLOOKUP(C86,'[25]Custos Unit INFRA ComDes Jan25'!$A:$D,3,0),IF(B86="SIURB_EDIF",VLOOKUP(C86,'[25]Custos Unit EDIF ComDes Jan25'!$A:$D,3,0),IF(B86="SINAPI",VLOOKUP(C86,[25]SINAPI!$G:$K,3,0),IF(B86="CDHU",VLOOKUP(C86,[25]CDHU!$A:$F,3,0),IF(B86="EQUIP_SIURB","H",""))))) -> M | F86: =VLOOKUP(A86,[25]MEMÓRIA!$B$9:$V$1635,17,FALSE) -> 10 | H86: =ROUND(G86*(1+$I$433),2) -> 0 | I86: =ROUND(G86*F86,2) -> 0 | J86: =ROUND(H86*F86,2) -> 0
A87: 1.4.2 | B87: SIURB_INFRA | C87: 6003000 | D87: =IF(B87="SIURB_INFRA",VLOOKUP(C87,'[25]Custos Unit INFRA ComDes Jan25'!$A:$D,2,0),IF(B87="SIURB_EDIF",VLOOKUP(C87,'[25]Custos Unit EDIF ComDes Jan25'!$A:$D,2,0),IF(B87="SINAPI",VLOOKUP(C87,[25]SINAPI!$G:$K,2,0),IF(B87="CDHU",VLOOKUP(C87,[25]CDHU!$A:$F,2,0),IF(B87="EQUIP_SIURB",VLOOKUP(C87,'[25]Equip Com Des Jan25'!$A:$D,2,0),""))))) -> ESCORAMENTO DESCONTÍNUO DE MADEIRA PARA CANALIZAÇÃO DE TUBOS | E87: =IF(B87="SIURB_INFRA",VLOOKUP(C87,'[25]Custos Unit INFRA ComDes Jan25'!$A:$D,3,0),IF(B87="SIURB_EDIF",VLOOKUP(C87,'[25]Custos Unit EDIF ComDes Jan25'!$A:$D,3,0),IF(B87="SINAPI",VLOOKUP(C87,[25]SINAPI!$G:$K,3,0),IF(B87="CDHU",VLOOKUP(C87,[25]CDHU!$A:$F,3,0),IF(B87="EQUIP_SIURB","H",""))))) -> M2 | F87: =VLOOKUP(A87,[25]MEMÓRIA!$B$9:$V$1635,17,FALSE) -> 300 | H87: =ROUND(G87*(1+$I$433),2) -> 0 | I87: =ROUND(G87*F87,2) -> 0 | J87: =ROUND(H87*F87,2) -> 0
A88: 1.4.3 | B88: SIURB_INFRA | C88: 6004000 | D88: =IF(B88="SIURB_INFRA",VLOOKUP(C88,'[25]Custos Unit INFRA ComDes Jan25'!$A:$D,2,0),IF(B88="SIURB_EDIF",VLOOKUP(C88,'[25]Custos Unit EDIF ComDes Jan25'!$A:$D,2,0),IF(B88="SINAPI",VLOOKUP(C88,[25]SINAPI!$G:$K,2,0),IF(B88="CDHU",VLOOKUP(C88,[25]CDHU!$A:$F,2,0),IF(B88="EQUIP_SIURB",VLOOKUP(C88,'[25]Equip Com Des Jan25'!$A:$D,2,0),""))))) -> ESCORAMENTO CONTÍNUO DE MADEIRA PARA CANALIZAÇÃO DE TUBOS | E88: =IF(B88="SIURB_INFRA",VLOOKUP(C88,'[25]Custos Unit INFRA ComDes Jan25'!$A:$D,3,0),IF(B88="SIURB_EDIF",VLOOKUP(C88,'[25]Custos Unit EDIF ComDes Jan25'!$A:$D,3,0),IF(B88="SINAPI",VLOOKUP(C88,[25]SINAPI!$G:$K,3,0),IF(B88="CDHU",VLOOKUP(C88,[25]CDHU!$A:$F,3,0),IF(B88="EQUIP_SIURB","H",""))))) -> M2 | F88: =VLOOKUP(A88,[25]MEMÓRIA!$B$9:$V$1635,17,FALSE) -> 150 | H88: =ROUND(G88*(1+$I$433),2) -> 0 | I88: =ROUND(G88*F88,2) -> 0 | J88: =ROUND(H88*F88,2) -> 0
A89: 1.4.4 | B89: SIURB_INFRA | C89: 7003001 | D89: =IF(B89="SIURB_INFRA",VLOOKUP(C89,'[25]Custos Unit INFRA ComDes Jan25'!$A:$D,2,0),IF(B89="SIURB_EDIF",VLOOKUP(C89,'[25]Custos Unit EDIF ComDes Jan25'!$A:$D,2,0),IF(B89="SINAPI",VLOOKUP(C89,[25]SINAPI!$G:$K,2,0),IF(B89="CDHU",VLOOKUP(C89,[25]CDHU!$A:$F,2,0),IF(B89="EQUIP_SIURB",VLOOKUP(C89,'[25]Equip Com Des Jan25'!$A:$D,2,0),""))))) -> ESCORAMENTO PARA GALERIAS MOLDADAS, UTILIZANDO PERFIS METÁLICOS, COM REAPROVEITAMENTO - PROFUNDIDADE < OU = 4M, COM BOCA DE 3 À 5M | E89: =IF(B89="SIURB_INFRA",VLOOKUP(C89,'[25]Custos Unit INFRA ComDes Jan25'!$A:$D,3,0),IF(B89="SIURB_EDIF",VLOOKUP(C89,'[25]Custos Unit EDIF ComDes Jan25'!$A:$D,3,0),IF(B89="SINAPI",VLOOKUP(C89,[25]SINAPI!$G:$K,3,0),IF(B89="CDHU",VLOOKUP(C89,[25]CDHU!$A:$F,3,0),IF(B89="EQUIP_SIURB","H",""))))) -> M2 | F89: =VLOOKUP(A89,[25]MEMÓRIA!$B$9:$V$1635,17,FALSE) -> 1200 | H89: =ROUND(G89*(1+$I$433),2) -> 0 | I89: =ROUND(G89*F89,2) -> 0 | J89: =ROUND(H89*F89,2) -> 0
A90: 1.4.5 | B90: SIURB_INFRA | C90: 14001003 | D90: =IF(B90="SIURB_INFRA",VLOOKUP(C90,'[25]Custos Unit INFRA ComDes Jan25'!$A:$D,2,0),IF(B90="SIURB_EDIF",VLOOKUP(C90,'[25]Custos Unit EDIF ComDes Jan25'!$A:$D,2,0),IF(B90="SINAPI",VLOOKUP(C90,[25]SINAPI!$G:$K,2,0),IF(B90="CDHU",VLOOKUP(C90,[25]CDHU!$A:$F,2,0),IF(B90="EQUIP_SIURB",VLOOKUP(C90,'[25]Equip Com Des Jan25'!$A:$D,2,0),""))))) -> BASE DE AGREGADO RECICLADO, SEM FORNECIMENTO DE AGREGADO | E90: =IF(B90="SIURB_INFRA",VLOOKUP(C90,'[25]Custos Unit INFRA ComDes Jan25'!$A:$D,3,0),IF(B90="SIURB_EDIF",VLOOKUP(C90,'[25]Custos Unit EDIF ComDes Jan25'!$A:$D,3,0),IF(B90="SINAPI",VLOOKUP(C90,[25]SINAPI!$G:$K,3,0),IF(B90="CDHU",VLOOKUP(C90,[25]CDHU!$A:$F,3,0),IF(B90="EQUIP_SIURB","H",""))))) -> M3 | F90: =VLOOKUP(A90,[25]MEMÓRIA!$B$9:$V$1635,17,FALSE) -> 150 | H90: =ROUND(G90*(1+$I$433),2) -> 0 | I90: =ROUND(G90*F90,2) -> 0 | J90: =ROUND(H90*F90,2) -> 0
A91: 1.4.6 | B91: SIURB_INFRA | C91: 14002010 | D91: =IF(B91="SIURB_INFRA",VLOOKUP(C91,'[25]Custos Unit INFRA ComDes Jan25'!$A:$D,2,0),IF(B91="SIURB_EDIF",VLOOKUP(C91,'[25]Custos Unit EDIF ComDes Jan25'!$A:$D,2,0),IF(B91="SINAPI",VLOOKUP(C91,[25]SINAPI!$G:$K,2,0),IF(B91="CDHU",VLOOKUP(C91,[25]CDHU!$A:$F,2,0),IF(B91="EQUIP_SIURB",VLOOKUP(C91,'[25]Equip Com Des Jan25'!$A:$D,2,0),""))))) -> LASTRO DE AGREGADO RECICLADO, COM FORNECIMENTO DE AGREGADO | E91: =IF(B91="SIURB_INFRA",VLOOKUP(C91,'[25]Custos Unit INFRA ComDes Jan25'!$A:$D,3,0),IF(B91="SIURB_EDIF",VLOOKUP(C91,'[25]Custos Unit EDIF ComDes Jan25'!$A:$D,3,0),IF(B91="SINAPI",VLOOKUP(C91,[25]SINAPI!$G:$K,3,0),IF(B91="CDHU",VLOOKUP(C91,[25]CDHU!$A:$F,3,0),IF(B91="EQUIP_SIURB","H",""))))) -> M3 | F91: =VLOOKUP(A91,[25]MEMÓRIA!$B$9:$V$1635,17,FALSE) -> 150 | H91: =ROUND(G91*(1+$I$433),2) -> 0 | I91: =ROUND(G91*F91,2) -> 0 | J91: =ROUND(H91*F91,2) -> 0
A92: 1.4.7 | B92: SIURB_INFRA | C92: 6005000 | D92: =IF(B92="SIURB_INFRA",VLOOKUP(C92,'[25]Custos Unit INFRA ComDes Jan25'!$A:$D,2,0),IF(B92="SIURB_EDIF",VLOOKUP(C92,'[25]Custos Unit EDIF ComDes Jan25'!$A:$D,2,0),IF(B92="SINAPI",VLOOKUP(C92,[25]SINAPI!$G:$K,2,0),IF(B92="CDHU",VLOOKUP(C92,[25]CDHU!$A:$F,2,0),IF(B92="EQUIP_SIURB",VLOOKUP(C92,'[25]Equip Com Des Jan25'!$A:$D,2,0),""))))) -> IHD.23 - LASTRO DE BRITA E PÓ DE PEDRA | E92: =IF(B92="SIURB_INFRA",VLOOKUP(C92,'[25]Custos Unit INFRA ComDes Jan25'!$A:$D,3,0),IF(B92="SIURB_EDIF",VLOOKUP(C92,'[25]Custos Unit EDIF ComDes Jan25'!$A:$D,3,0),IF(B92="SINAPI",VLOOKUP(C92,[25]SINAPI!$G:$K,3,0),IF(B92="CDHU",VLOOKUP(C92,[25]CDHU!$A:$F,3,0),IF(B92="EQUIP_SIURB","H",""))))) -> M3 | F92: =VLOOKUP(A92,[25]MEMÓRIA!$B$9:$V$1635,17,FALSE) -> 60 | H92: =ROUND(G92*(1+$I$433),2) -> 0 | I92: =ROUND(G92*F92,2) -> 0 | J92: =ROUND(H92*F92,2) -> 0
A93: 1.4.8 | B93: SIURB_INFRA | C93: 6006000 | D93: =IF(B93="SIURB_INFRA",VLOOKUP(C93,'[25]Custos Unit INFRA ComDes Jan25'!$A:$D,2,0),IF(B93="SIURB_EDIF",VLOOKUP(C93,'[25]Custos Unit EDIF ComDes Jan25'!$A:$D,2,0),IF(B93="SINAPI",VLOOKUP(C93,[25]SINAPI!$G:$K,2,0),IF(B93="CDHU",VLOOKUP(C93,[25]CDHU!$A:$F,2,0),IF(B93="EQUIP_SIURB",VLOOKUP(C93,'[25]Equip Com Des Jan25'!$A:$D,2,0),""))))) -> IHD.23 - LASTRO DE CONCRETO FCK=10MPA | E93: =IF(B93="SIURB_INFRA",VLOOKUP(C93,'[25]Custos Unit INFRA ComDes Jan25'!$A:$D,3,0),IF(B93="SIURB_EDIF",VLOOKUP(C93,'[25]Custos Unit EDIF ComDes Jan25'!$A:$D,3,0),IF(B93="SINAPI",VLOOKUP(C93,[25]SINAPI!$G:$K,3,0),IF(B93="CDHU",VLOOKUP(C93,[25]CDHU!$A:$F,3,0),IF(B93="EQUIP_SIURB","H",""))))) -> M3 | F93: =VLOOKUP(A93,[25]MEMÓRIA!$B$9:$V$1635,17,FALSE) -> 15 | H93: =ROUND(G93*(1+$I$433),2) -> 0 | I93: =ROUND(G93*F93,2) -> 0 | J93: =ROUND(H93*F93,2) -> 0
A94: 1.4.9 | B94: SIURB_INFRA | C94: 6009000 | D94: =IF(B94="SIURB_INFRA",VLOOKUP(C94,'[25]Custos Unit INFRA ComDes Jan25'!$A:$D,2,0),IF(B94="SIURB_EDIF",VLOOKUP(C94,'[25]Custos Unit EDIF ComDes Jan25'!$A:$D,2,0),IF(B94="SINAPI",VLOOKUP(C94,[25]SINAPI!$G:$K,2,0),IF(B94="CDHU",VLOOKUP(C94,[25]CDHU!$A:$F,2,0),IF(B94="EQUIP_SIURB",VLOOKUP(C94,'[25]Equip Com Des Jan25'!$A:$D,2,0),""))))) -> FORNECIMENTO E ASSENTAMENTO DE TUBOS DE CONCRETO SIMPLES - DIÂMETRO 50CM | E94: =IF(B94="SIURB_INFRA",VLOOKUP(C94,'[25]Custos Unit INFRA ComDes Jan25'!$A:$D,3,0),IF(B94="SIURB_EDIF",VLOOKUP(C94,'[25]Custos Unit EDIF ComDes Jan25'!$A:$D,3,0),IF(B94="SINAPI",VLOOKUP(C94,[25]SINAPI!$G:$K,3,0),IF(B94="CDHU",VLOOKUP(C94,[25]CDHU!$A:$F,3,0),IF(B94="EQUIP_SIURB","H",""))))) -> M | F94: =VLOOKUP(A94,[25]MEMÓRIA!$B$9:$V$1635,17,FALSE) -> 20 | H94: =ROUND(G94*(1+$I$433),2) -> 0 | I94: =ROUND(G94*F94,2) -> 0 | J94: =ROUND(H94*F94,2) -> 0
A95: 1.4.10 | B95: SIURB_INFRA | C95: 6010001 | D95: =IF(B95="SIURB_INFRA",VLOOKUP(C95,'[25]Custos Unit INFRA ComDes Jan25'!$A:$D,2,0),IF(B95="SIURB_EDIF",VLOOKUP(C95,'[25]Custos Unit EDIF ComDes Jan25'!$A:$D,2,0),IF(B95="SINAPI",VLOOKUP(C95,[25]SINAPI!$G:$K,2,0),IF(B95="CDHU",VLOOKUP(C95,[25]CDHU!$A:$F,2,0),IF(B95="EQUIP_SIURB",VLOOKUP(C95,'[25]Equip Com Des Jan25'!$A:$D,2,0),""))))) -> FORNECIMENTO E ASSENTAMENTO DE TUBOS DE CONCRETO ARMADO, DIÂMETRO 60CM - TIPO PA-2 | E95: =IF(B95="SIURB_INFRA",VLOOKUP(C95,'[25]Custos Unit INFRA ComDes Jan25'!$A:$D,3,0),IF(B95="SIURB_EDIF",VLOOKUP(C95,'[25]Custos Unit EDIF ComDes Jan25'!$A:$D,3,0),IF(B95="SINAPI",VLOOKUP(C95,[25]SINAPI!$G:$K,3,0),IF(B95="CDHU",VLOOKUP(C95,[25]CDHU!$A:$F,3,0),IF(B95="EQUIP_SIURB","H",""))))) -> M | F95: =VLOOKUP(A95,[25]MEMÓRIA!$B$9:$V$1635,17,FALSE) -> 300 | H95: =ROUND(G95*(1+$I$433),2) -> 0 | I95: =ROUND(G95*F95,2) -> 0 | J95: =ROUND(H95*F95,2) -> 0
A96: 1.4.11 | B96: SIURB_INFRA | C96: 6012001 | D96: =IF(B96="SIURB_INFRA",VLOOKUP(C96,'[25]Custos Unit INFRA ComDes Jan25'!$A:$D,2,0),IF(B96="SIURB_EDIF",VLOOKUP(C96,'[25]Custos Unit EDIF ComDes Jan25'!$A:$D,2,0),IF(B96="SINAPI",VLOOKUP(C96,[25]SINAPI!$G:$K,2,0),IF(B96="CDHU",VLOOKUP(C96,[25]CDHU!$A:$F,2,0),IF(B96="EQUIP_SIURB",VLOOKUP(C96,'[25]Equip Com Des Jan25'!$A:$D,2,0),""))))) -> FORNECIMENTO E ASSENTAMENTO DE TUBOS DE CONCRETO ARMADO, DIÂMETRO 80CM - TIPO PA-2 | E96: =IF(B96="SIURB_INFRA",VLOOKUP(C96,'[25]Custos Unit INFRA ComDes Jan25'!$A:$D,3,0),IF(B96="SIURB_EDIF",VLOOKUP(C96,'[25]Custos Unit EDIF ComDes Jan25'!$A:$D,3,0),IF(B96="SINAPI",VLOOKUP(C96,[25]SINAPI!$G:$K,3,0),IF(B96="CDHU",VLOOKUP(C96,[25]CDHU!$A:$F,3,0),IF(B96="EQUIP_SIURB","H",""))))) -> M | F96: =VLOOKUP(A96,[25]MEMÓRIA!$B$9:$V$1635,17,FALSE) -> 100 | H96: =ROUND(G96*(1+$I$433),2) -> 0 | I96: =ROUND(G96*F96,2) -> 0 | J96: =ROUND(H96*F96,2) -> 0
A97: 1.4.12 | B97: SIURB_INFRA | C97: 6014001 | D97: =IF(B97="SIURB_INFRA",VLOOKUP(C97,'[25]Custos Unit INFRA ComDes Jan25'!$A:$D,2,0),IF(B97="SIURB_EDIF",VLOOKUP(C97,'[25]Custos Unit EDIF ComDes Jan25'!$A:$D,2,0),IF(B97="SINAPI",VLOOKUP(C97,[25]SINAPI!$G:$K,2,0),IF(B97="CDHU",VLOOKUP(C97,[25]CDHU!$A:$F,2,0),IF(B97="EQUIP_SIURB",VLOOKUP(C97,'[25]Equip Com Des Jan25'!$A:$D,2,0),""))))) -> FORNECIMENTO E ASSENTAMENTO DE TUBOS DE CONCRETO ARMADO, DIÂMETRO 100CM - TIPO PA-2 | E97: =IF(B97="SIURB_INFRA",VLOOKUP(C97,'[25]Custos Unit INFRA ComDes Jan25'!$A:$D,3,0),IF(B97="SIURB_EDIF",VLOOKUP(C97,'[25]Custos Unit EDIF ComDes Jan25'!$A:$D,3,0),IF(B97="SINAPI",VLOOKUP(C97,[25]SINAPI!$G:$K,3,0),IF(B97="CDHU",VLOOKUP(C97,[25]CDHU!$A:$F,3,0),IF(B97="EQUIP_SIURB","H",""))))) -> M | F97: =VLOOKUP(A97,[25]MEMÓRIA!$B$9:$V$1635,17,FALSE) -> 100 | H97: =ROUND(G97*(1+$I$433),2) -> 0 | I97: =ROUND(G97*F97,2) -> 0 | J97: =ROUND(H97*F97,2) -> 0
... A125: 1.4.40 | B125: SINAPI | C125: 104492 | D125: =IF(B125="SIURB_INFRA",VLOOKUP(C125,'[25]Custos Unit INFRA ComDes Jan25'!$A:$D,2,0),IF(B125="SIURB_EDIF",VLOOKUP(C125,'[25]Custos Unit EDIF ComDes Jan25'!$A:$D,2,0),IF(B125="SINAPI",VLOOKUP(C125,[25]SINAPI!$G:$K,2,0),IF(B125="CDHU",VLOOKUP(C125,[25]CDHU!$A:$F,2,0),IF(B125="EQUIP_SIURB",VLOOKUP(C125,'[25]Equip Com Des Jan25'!$A:$D,2,0),""))))) -> ADUELA/ GALERIA FECHADA PRE-MOLDADA DE CONCRETO ARMADO, SECAO QUADRANGULAR INTERNA DE 2,00 X 2,00 M (L X A), MISULA DE 20 X 20 CM, C = 1,00 M, ESPESSURA MIN = 15 CM, TB-45 E FCK DO CONCRETO = 30 MPA FORNECIMENTO E ASSENTAMENTO. AF_01/2023 | E125: =IF(B125="SIURB_INFRA",VLOOKUP(C125,'[25]Custos Unit INFRA ComDes Jan25'!$A:$D,3,0),IF(B125="SIURB_EDIF",VLOOKUP(C125,'[25]Custos Unit EDIF ComDes Jan25'!$A:$D,3,0),IF(B125="SINAPI",VLOOKUP(C125,[25]SINAPI!$G:$K,3,0),IF(B125="CDHU",VLOOKUP(C125,[25]CDHU!$A:$F,3,0),IF(B125="EQUIP_SIURB","H",""))))) -> M | F125: =VLOOKUP(A125,[25]MEMÓRIA!$B$9:$V$1635,17,FALSE) -> 50 | H125: =ROUND(G125*(1+$I$433),2) -> 0 | I125: =ROUND(G125*F125,2) -> 0 | J125: =ROUND(H125*F125,2) -> 0
A126: 1.5 | D126: REDE DE ESGOTO | I126: =SUBTOTAL(9,I127:I145) -> 0 | J126: =SUBTOTAL(9,J127:J145) -> 0
A127: 1.5.1 | B127: SIURB_EDIF | C127: 10009034 | D127: =IF(B127="SIURB_INFRA",VLOOKUP(C127,'[25]Custos Unit INFRA ComDes Jan25'!$A:$D,2,0),IF(B127="SIURB_EDIF",VLOOKUP(C127,'[25]Custos Unit EDIF ComDes Jan25'!$A:$D,2,0),IF(B127="SINAPI",VLOOKUP(C127,[25]SINAPI!$G:$K,2,0),IF(B127="CDHU",VLOOKUP(C127,[25]CDHU!$A:$F,2,0),IF(B127="EQUIP_SIURB",VLOOKUP(C127,'[25]Equip Com Des Jan25'!$A:$D,2,0),""))))) -> TUBO DE PVC RÍGIDO, PONTA E BOLSA (LINHA ESGOTO) - 150MM (6") | E127: =IF(B127="SIURB_INFRA",VLOOKUP(C127,'[25]Custos Unit INFRA ComDes Jan25'!$A:$D,3,0),IF(B127="SIURB_EDIF",VLOOKUP(C127,'[25]Custos Unit EDIF ComDes Jan25'!$A:$D,3,0),IF(B127="SINAPI",VLOOKUP(C127,[25]SINAPI!$G:$K,3,0),IF(B127="CDHU",VLOOKUP(C127,[25]CDHU!$A:$F,3,0),IF(B127="EQUIP_SIURB","H",""))))) -> M | F127: =VLOOKUP(A127,[25]MEMÓRIA!$B$9:$V$1635,17,FALSE) -> 340 | H127: =ROUND(G127*(1+$I$433),2) -> 0 | I127: =ROUND(G127*F127,2) -> 0 | J127: =ROUND(H127*F127,2) -> 0
A128: 1.5.2 | B128: SIURB_EDIF | C128: 10009035 | D128: =IF(B128="SIURB_INFRA",VLOOKUP(C128,'[25]Custos Unit INFRA ComDes Jan25'!$A:$D,2,0),IF(B128="SIURB_EDIF",VLOOKUP(C128,'[25]Custos Unit EDIF ComDes Jan25'!$A:$D,2,0),IF(B128="SINAPI",VLOOKUP(C128,[25]SINAPI!$G:$K,2,0),IF(B128="CDHU",VLOOKUP(C128,[25]CDHU!$A:$F,2,0),IF(B128="EQUIP_SIURB",VLOOKUP(C128,'[25]Equip Com Des Jan25'!$A:$D,2,0),""))))) -> TUBO DE PVC RÍGIDO, PONTA E BOLSA (LINHA ESGOTO) - 200MM (8") | E128: =IF(B128="SIURB_INFRA",VLOOKUP(C128,'[25]Custos Unit INFRA ComDes Jan25'!$A:$D,3,0),IF(B128="SIURB_EDIF",VLOOKUP(C128,'[25]Custos Unit EDIF ComDes Jan25'!$A:$D,3,0),IF(B128="SINAPI",VLOOKUP(C128,[25]SINAPI!$G:$K,3,0),IF(B128="CDHU",VLOOKUP(C128,[25]CDHU!$A:$F,3,0),IF(B128="EQUIP_SIURB","H",""))))) -> M | F128: =VLOOKUP(A128,[25]MEMÓRIA!$B$9:$V$1635,17,FALSE) -> 400 | H128: =ROUND(G128*(1+$I$433),2) -> 0 | I128: =ROUND(G128*F128,2) -> 0 | J128: =ROUND(H128*F128,2) -> 0
A129: 1.5.3 | B129: SINAPI | C129: 89512 | D129: =IF(B129="SIURB_INFRA",VLOOKUP(C129,'[25]Custos Unit INFRA ComDes Jan25'!$A:$D,2,0),IF(B129="SIURB_EDIF",VLOOKUP(C129,'[25]Custos Unit EDIF ComDes Jan25'!$A:$D,2,0),IF(B129="SINAPI",VLOOKUP(C129,[25]SINAPI!$G:$K,2,0),IF(B129="CDHU",VLOOKUP(C129,[25]CDHU!$A:$F,2,0),IF(B129="EQUIP_SIURB",VLOOKUP(C129,'[25]Equip Com Des Jan25'!$A:$D,2,0),""))))) -> TUBO PVC, SÉRIE R, ÁGUA PLUVIAL, DN 100 MM, FORNECIDO E INSTALADO EM RAMAL DE ENCAMINHAMENTO. AF_06/2022 | E129: =IF(B129="SIURB_INFRA",VLOOKUP(C129,'[25]Custos Unit INFRA ComDes Jan25'!$A:$D,3,0),IF(B129="SIURB_EDIF",VLOOKUP(C129,'[25]Custos Unit EDIF ComDes Jan25'!$A:$D,3,0),IF(B129="SINAPI",VLOOKUP(C129,[25]SINAPI!$G:$K,3,0),IF(B129="CDHU",VLOOKUP(C129,[25]CDHU!$A:$F,3,0),IF(B129="EQUIP_SIURB","H",""))))) -> M | F129: =VLOOKUP(A129,[25]MEMÓRIA!$B$9:$V$1635,17,FALSE) -> 80 | H129: =ROUND(G129*(1+$I$433),2) -> 0 | I129: =ROUND(G129*F129,2) -> 0 | J129: =ROUND(H129*F129,2) -> 0
A130: 1.5.4 | B130: CDHU | C130: 46.18.020 | D130: =IF(B130="SIURB_INFRA",VLOOKUP(C130,'[25]Custos Unit INFRA ComDes Jan25'!$A:$D,2,0),IF(B130="SIURB_EDIF",VLOOKUP(C130,'[25]Custos Unit EDIF ComDes Jan25'!$A:$D,2,0),IF(B130="SINAPI",VLOOKUP(C130,[25]SINAPI!$G:$K,2,0),IF(B130="CDHU",VLOOKUP(C130,[25]CDHU!$A:$F,2,0),IF(B130="EQUIP_SIURB",VLOOKUP(C130,'[25]Equip Com Des Jan25'!$A:$D,2,0),""))))) -> Tubo em ferro fundido com ponta e ponta TCLA - DN= 100mm, sem juntas e conexões | E130: =IF(B130="SIURB_INFRA",VLOOKUP(C130,'[25]Custos Unit INFRA ComDes Jan25'!$A:$D,3,0),IF(B130="SIURB_EDIF",VLOOKUP(C130,'[25]Custos Unit EDIF ComDes Jan25'!$A:$D,3,0),IF(B130="SINAPI",VLOOKUP(C130,[25]SINAPI!$G:$K,3,0),IF(B130="CDHU",VLOOKUP(C130,[25]CDHU!$A:$F,3,0),IF(B130="EQUIP_SIURB","H",""))))) -> M | F130: =VLOOKUP(A130,[25]MEMÓRIA!$B$9:$V$1635,17,FALSE) -> 15 | H130: =ROUND(G130*(1+$I$433),2) -> 0 | I130: =ROUND(G130*F130,2) -> 0 | J130: =ROUND(H130*F130,2) -> 0
A131: 1.5.5 | B131: SIURB_INFRA | C131: 6068001 | D131: =IF(B131="SIURB_INFRA",VLOOKUP(C131,'[25]Custos Unit INFRA ComDes Jan25'!$A:$D,2,0),IF(B131="SIURB_EDIF",VLOOKUP(C131,'[25]Custos Unit EDIF ComDes Jan25'!$A:$D,2,0),IF(B131="SINAPI",VLOOKUP(C131,[25]SINAPI!$G:$K,2,0),IF(B131="CDHU",VLOOKUP(C131,[25]CDHU!$A:$F,2,0),IF(B131="EQUIP_SIURB",VLOOKUP(C131,'[25]Equip Com Des Jan25'!$A:$D,2,0),""))))) -> FORNECIMENTO E ASSENTAMENTO DE TUBO DE PVC RÍGIDO, COR BRANCA, PARA ESGOTO, PONTA E BOLSA - DIÂMETRO 50MM (2") | E131: =IF(B131="SIURB_INFRA",VLOOKUP(C131,'[25]Custos Unit INFRA ComDes Jan25'!$A:$D,3,0),IF(B131="SIURB_EDIF",VLOOKUP(C131,'[25]Custos Unit EDIF ComDes Jan25'!$A:$D,3,0),IF(B131="SINAPI",VLOOKUP(C131,[25]SINAPI!$G:$K,3,0),IF(B131="CDHU",VLOOKUP(C131,[25]CDHU!$A:$F,3,0),IF(B131="EQUIP_SIURB","H",""))))) -> M | F131: =VLOOKUP(A131,[25]MEMÓRIA!$B$9:$V$1635,17,FALSE) -> 10 | H131: =ROUND(G131*(1+$I$433),2) -> 0 | I131: =ROUND(G131*F131,2) -> 0 | J131: =ROUND(H131*F131,2) -> 0
A132: 1.5.6 | B132: SIURB_INFRA | C132: 6068003 | D132: =IF(B132="SIURB_INFRA",VLOOKUP(C132,'[25]Custos Unit INFRA ComDes Jan25'!$A:$D,2,0),IF(B132="SIURB_EDIF",VLOOKUP(C132,'[25]Custos Unit EDIF ComDes Jan25'!$A:$D,2,0),IF(B132="SINAPI",VLOOKUP(C132,[25]SINAPI!$G:$K,2,0),IF(B132="CDHU",VLOOKUP(C132,[25]CDHU!$A:$F,2,0),IF(B132="EQUIP_SIURB",VLOOKUP(C132,'[25]Equip Com Des Jan25'!$A:$D,2,0),""))))) -> FORNECIMENTO E ASSENTAMENTO DE TUBO DE PVC RÍGIDO, COR BRANCA, PARA ESGOTO, PONTA E BOLSA - DIÂMETRO 100MM (4") | E132: =IF(B132="SIURB_INFRA",VLOOKUP(C132,'[25]Custos Unit INFRA ComDes Jan25'!$A:$D,3,0),IF(B132="SIURB_EDIF",VLOOKUP(C132,'[25]Custos Unit EDIF ComDes Jan25'!$A:$D,3,0),IF(B132="SINAPI",VLOOKUP(C132,[25]SINAPI!$G:$K,3,0),IF(B132="CDHU",VLOOKUP(C132,[25]CDHU!$A:$F,3,0),IF(B132="EQUIP_SIURB","H",""))))) -> M | F132: =VLOOKUP(A132,[25]MEMÓRIA!$B$9:$V$1635,17,FALSE) -> 50 | H132: =ROUND(G132*(1+$I$433),2) -> 0 | I132: =ROUND(G132*F132,2) -> 0 | J132: =ROUND(H132*F132,2) -> 0
A133: 1.5.7 | B133: CDHU | C133: 46.23.110 | D133: =IF(B133="SIURB_INFRA",VLOOKUP(C133,'[25]Custos Unit INFRA ComDes Jan25'!$A:$D,2,0),IF(B133="SIURB_EDIF",VLOOKUP(C133,'[25]Custos Unit EDIF ComDes Jan25'!$A:$D,2,0),IF(B133="SINAPI",VLOOKUP(C133,[25]SINAPI!$G:$K,2,0),IF(B133="CDHU",VLOOKUP(C133,[25]CDHU!$A:$F,2,0),IF(B133="EQUIP_SIURB",VLOOKUP(C133,'[25]Equip Com Des Jan25'!$A:$D,2,0),""))))) -> Tubo de concreto classe EA-3, DN= 400 mm | E133: =IF(B133="SIURB_INFRA",VLOOKUP(C133,'[25]Custos Unit INFRA ComDes Jan25'!$A:$D,3,0),IF(B133="SIURB_EDIF",VLOOKUP(C133,'[25]Custos Unit EDIF ComDes Jan25'!$A:$D,3,0),IF(B133="SINAPI",VLOOKUP(C133,[25]SINAPI!$G:$K,3,0),IF(B133="CDHU",VLOOKUP(C133,[25]CDHU!$A:$F,3,0),IF(B133="EQUIP_SIURB","H",""))))) -> M | F133: =VLOOKUP(A133,[25]MEMÓRIA!$B$9:$V$1635,17,FALSE) -> 80 | H133: =ROUND(G133*(1+$I$433),2) -> 0 | I133: =ROUND(G133*F133,2) -> 0 | J133: =ROUND(H133*F133,2) -> 0
A134: 1.5.8 | B134: CDHU | C134: 46.23.120 | D134: =IF(B134="SIURB_INFRA",VLOOKUP(C134,'[25]Custos Unit INFRA ComDes Jan25'!$A:$D,2,0),IF(B134="SIURB_EDIF",VLOOKUP(C134,'[25]Custos Unit EDIF ComDes Jan25'!$A:$D,2,0),IF(B134="SINAPI",VLOOKUP(C134,[25]SINAPI!$G:$K,2,0),IF(B134="CDHU",VLOOKUP(C134,[25]CDHU!$A:$F,2,0),IF(B134="EQUIP_SIURB",VLOOKUP(C134,'[25]Equip Com Des Jan25'!$A:$D,2,0),""))))) -> Tubo de concreto classe EA-3, DN= 500 mm | E134: =IF(B134="SIURB_INFRA",VLOOKUP(C134,'[25]Custos Unit INFRA ComDes Jan25'!$A:$D,3,0),IF(B134="SIURB_EDIF",VLOOKUP(C134,'[25]Custos Unit EDIF ComDes Jan25'!$A:$D,3,0),IF(B134="SINAPI",VLOOKUP(C134,[25]SINAPI!$G:$K,3,0),IF(B134="CDHU",VLOOKUP(C134,[25]CDHU!$A:$F,3,0),IF(B134="EQUIP_SIURB","H",""))))) -> M | F134: =VLOOKUP(A134,[25]MEMÓRIA!$B$9:$V$1635,17,FALSE) -> 20 | H134: =ROUND(G134*(1+$I$433),2) -> 0 | I134: =ROUND(G134*F134,2) -> 0 | J134: =ROUND(H134*F134,2) -> 0
A135: 1.5.9 | B135: SABESP | C135: 70070211 | D135: POÇO DE INSPEÇÃO D=0,60 M EM TUBO DE CONCRETO C/PBJE - PROF. ATÉ 1,60 M | E135: UN | F135: =VLOOKUP(A135,[25]MEMÓRIA!$B$9:$V$1635,17,FALSE) -> 10 | H135: =ROUND(G135*(1+$I$433),2) -> 0 | I135: =ROUND(G135*F135,2) -> 0 | J135: =ROUND(H135*F135,2) -> 0
A136: 1.5.10 | B136: SABESP | C136: 70070269 | D136: CAIXA DE INSPEÇÃO (0,80 X 0,80M) | E136: M | F136: =VLOOKUP(A136,[25]MEMÓRIA!$B$9:$V$1635,17,FALSE) -> 35 | H136: =ROUND(G136*(1+$I$433),2) -> 0 | I136: =ROUND(G136*F136,2) -> 0 | J136: =ROUND(H136*F136,2) -> 0
A137: 1.5.11 | B137: SABESP | C137: 70070230 | D137: ASSENTAMENTO DE TAMPÃO DE FERRO FUNDIDO, DN 600 MM | E137: UN | F137: =VLOOKUP(A137,[25]MEMÓRIA!$B$9:$V$1635,17,FALSE) -> 20 | H137: =ROUND(G137*(1+$I$433),2) -> 0 | I137: =ROUND(G137*F137,2) -> 0 | J137: =ROUND(H137*F137,2) -> 0
A138: 1.5.12 | B138: CDHU | C138: 49.06.480 | D138: =IF(B138="SIURB_INFRA",VLOOKUP(C138,'[25]Custos Unit INFRA ComDes Jan25'!$A:$D,2,0),IF(B138="SIURB_EDIF",VLOOKUP(C138,'[25]Custos Unit EDIF ComDes Jan25'!$A:$D,2,0),IF(B138="SINAPI",VLOOKUP(C138,[25]SINAPI!$G:$K,2,0),IF(B138="CDHU",VLOOKUP(C138,[25]CDHU!$A:$F,2,0),IF(B138="EQUIP_SIURB",VLOOKUP(C138,'[25]Equip Com Des Jan25'!$A:$D,2,0),""))))) -> Tampão em ferro fundido com tampa articulada, de 400 x 600 mm, classe 15 (ruptura > 1500 kg) | E138: =IF(B138="SIURB_INFRA",VLOOKUP(C138,'[25]Custos Unit INFRA ComDes Jan25'!$A:$D,3,0),IF(B138="SIURB_EDIF",VLOOKUP(C138,'[25]Custos Unit EDIF ComDes Jan25'!$A:$D,3,0),IF(B138="SINAPI",VLOOKUP(C138,[25]SINAPI!$G:$K,3,0),IF(B138="CDHU",VLOOKUP(C138,[25]CDHU!$A:$F,3,0),IF(B138="EQUIP_SIURB","H",""))))) -> UN | F138: =VLOOKUP(A138,[25]MEMÓRIA!$B$9:$V$1635,17,FALSE) -> 15 | H138: =ROUND(G138*(1+$I$433),2) -> 0 | I138: =ROUND(G138*F138,2) -> 0 | J138: =ROUND(H138*F138,2) -> 0
A139: 1.5.13 | B139: FDE | C139: 16.05.064 | D139: Tubo pvc ocre junta elastica dn 100 inclusive conexoes - enterrado | E139: M | F139: =VLOOKUP(A139,[25]MEMÓRIA!$B$9:$V$1635,17,FALSE) -> 60 | H139: =ROUND(G139*(1+$I$433),2) -> 0 | I139: =ROUND(G139*F139,2) -> 0 | J139: =ROUND(H139*F139,2) -> 0
A140: 1.5.14 | B140: FDE | C140: 16.05.065 | D140: Tubo pvc ocre junta elastica dn 150 inclusive conexoes - enterrado | E140: M | F140: =VLOOKUP(A140,[25]MEMÓRIA!$B$9:$V$1635,17,FALSE) -> 100 | H140: =ROUND(G140*(1+$I$433),2) -> 0 | I140: =ROUND(G140*F140,2) -> 0 | J140: =ROUND(H140*F140,2) -> 0
A141: 1.5.15 | B141: FDE | C141: 16.05.066 | D141: Tubo pvc ocre junta elastica dn 200 inclusive conexoes - enterrado | E141: M | F141: =VLOOKUP(A141,[25]MEMÓRIA!$B$9:$V$1635,17,FALSE) -> 100 | H141: =ROUND(G141*(1+$I$433),2) -> 0 | I141: =ROUND(G141*F141,2) -> 0 | J141: =ROUND(H141*F141,2) -> 0
A142: 1.5.16 | B142: FDE | C142: 16.05.067 | D142: Tubo pvc ocre junta elastica dn 250 inclusive conexoes - enterrado | E142: M | F142: =VLOOKUP(A142,[25]MEMÓRIA!$B$9:$V$1635,17,FALSE) -> 100 | H142: =ROUND(G142*(1+$I$433),2) -> 0 | I142: =ROUND(G142*F142,2) -> 0 | J142: =ROUND(H142*F142,2) -> 0
A143: 1.5.17 | B143: FDE | C143: 16.05.068 | D143: Tubo pvc ocre junta elastica dn 300 inclusive conexoes - enterrado | E143: M | F143: =VLOOKUP(A143,[25]MEMÓRIA!$B$9:$V$1635,17,FALSE) -> 100 | H143: =ROUND(G143*(1+$I$433),2) -> 0 | I143: =ROUND(G143*F143,2) -> 0 | J143: =ROUND(H143*F143,2) -> 0
A144: 1.5.18 | B144: SINAPI | C144: 90699 | D144: =IF(B144="SIURB_INFRA",VLOOKUP(C144,'[25]Custos Unit INFRA ComDes Jan25'!$A:$D,2,0),IF(B144="SIURB_EDIF",VLOOKUP(C144,'[25]Custos Unit EDIF ComDes Jan25'!$A:$D,2,0),IF(B144="SINAPI",VLOOKUP(C144,[25]SINAPI!$G:$K,2,0),IF(B144="CDHU",VLOOKUP(C144,[25]CDHU!$A:$F,2,0),IF(B144="EQUIP_SIURB",VLOOKUP(C144,'[25]Equip Com Des Jan25'!$A:$D,2,0),""))))) -> TUBO DE PVC PARA REDE COLETORA DE ESGOTO DE PAREDE MACIÇA, DN 350 MM, JUNTA ELÁSTICA - FORNECIMENTO E ASSENTAMENTO. AF_01/2021 | E144: =IF(B144="SIURB_INFRA",VLOOKUP(C144,'[25]Custos Unit INFRA ComDes Jan25'!$A:$D,3,0),IF(B144="SIURB_EDIF",VLOOKUP(C144,'[25]Custos Unit EDIF ComDes Jan25'!$A:$D,3,0),IF(B144="SINAPI",VLOOKUP(C144,[25]SINAPI!$G:$K,3,0),IF(B144="CDHU",VLOOKUP(C144,[25]CDHU!$A:$F,3,0),IF(B144="EQUIP_SIURB","H",""))))) -> M | F144: =VLOOKUP(A144,[25]MEMÓRIA!$B$9:$V$1635,17,FALSE) -> 100 | H144: =ROUND(G144*(1+$I$433),2) -> 0 | I144: =ROUND(G144*F144,2) -> 0 | J144: =ROUND(H144*F144,2) -> 0
A145: 1.5.19 | B145: SINAPI | C145: 90700 | D145: =IF(B145="SIURB_INFRA",VLOOKUP(C145,'[25]Custos Unit INFRA ComDes Jan25'!$A:$D,2,0),IF(B145="SIURB_EDIF",VLOOKUP(C145,'[25]Custos Unit EDIF ComDes Jan25'!$A:$D,2,0),IF(B145="SINAPI",VLOOKUP(C145,[25]SINAPI!$G:$K,2,0),IF(B145="CDHU",VLOOKUP(C145,[25]CDHU!$A:$F,2,0),IF(B145="EQUIP_SIURB",VLOOKUP(C145,'[25]Equip Com Des Jan25'!$A:$D,2,0),""))))) -> TUBO DE PVC PARA REDE COLETORA DE ESGOTO DE PAREDE MACIÇA, DN 400 MM, JUNTA ELÁSTICA FORNECIMENTO E ASSENTAMENTO. AF_01/2021 | E145: =IF(B145="SIURB_INFRA",VLOOKUP(C145,'[25]Custos Unit INFRA ComDes Jan25'!$A:$D,3,0),IF(B145="SIURB_EDIF",VLOOKUP(C145,'[25]Custos Unit EDIF ComDes Jan25'!$A:$D,3,0),IF(B145="SINAPI",VLOOKUP(C145,[25]SINAPI!$G:$K,3,0),IF(B145="CDHU",VLOOKUP(C145,[25]CDHU!$A:$F,3,0),IF(B145="EQUIP_SIURB","H",""))))) -> M | F145: =VLOOKUP(A145,[25]MEMÓRIA!$B$9:$V$1635,17,FALSE) -> 200 | H145: =ROUND(G145*(1+$I$433),2) -> 0 | I145: =ROUND(G145*F145,2) -> 0 | J145: =ROUND(H145*F145,2) -> 0
A146: 1.6 | D146: REDE DE ÁGUA FRIA | I146: =SUBTOTAL(9,I147:I156) -> 0 | J146: =SUBTOTAL(9,J147:J156) -> 0
A147: 1.6.1 | B147: SIURB_EDIF | C147: 10001001 | D147: =IF(B147="SIURB_INFRA",VLOOKUP(C147,'[25]Custos Unit INFRA ComDes Jan25'!$A:$D,2,0),IF(B147="SIURB_EDIF",VLOOKUP(C147,'[25]Custos Unit EDIF ComDes Jan25'!$A:$D,2,0),IF(B147="SINAPI",VLOOKUP(C147,[25]SINAPI!$G:$K,2,0),IF(B147="CDHU",VLOOKUP(C147,[25]CDHU!$A:$F,2,0),IF(B147="EQUIP_SIURB",VLOOKUP(C147,'[25]Equip Com Des Jan25'!$A:$D,2,0),""))))) -> HD.01 - CAVALETE DE ENTRADA - 3/4" | E147: =IF(B147="SIURB_INFRA",VLOOKUP(C147,'[25]Custos Unit INFRA ComDes Jan25'!$A:$D,3,0),IF(B147="SIURB_EDIF",VLOOKUP(C147,'[25]Custos Unit EDIF ComDes Jan25'!$A:$D,3,0),IF(B147="SINAPI",VLOOKUP(C147,[25]SINAPI!$G:$K,3,0),IF(B147="CDHU",VLOOKUP(C147,[25]CDHU!$A:$F,3,0),IF(B147="EQUIP_SIURB","H",""))))) -> UN | F147: =VLOOKUP(A147,[25]MEMÓRIA!$B$9:$V$1635,17,FALSE) -> 15 | H147: =ROUND(G147*(1+$I$433),2) -> 0 | I147: =ROUND(G147*F147,2) -> 0 | J147: =ROUND(H147*F147,2) -> 0
A148: 1.6.2 | B148: SIURB_EDIF | C148: 10001019 | D148: =IF(B148="SIURB_INFRA",VLOOKUP(C148,'[25]Custos Unit INFRA ComDes Jan25'!$A:$D,2,0),IF(B148="SIURB_EDIF",VLOOKUP(C148,'[25]Custos Unit EDIF ComDes Jan25'!$A:$D,2,0),IF(B148="SINAPI",VLOOKUP(C148,[25]SINAPI!$G:$K,2,0),IF(B148="CDHU",VLOOKUP(C148,[25]CDHU!$A:$F,2,0),IF(B148="EQUIP_SIURB",VLOOKUP(C148,'[25]Equip Com Des Jan25'!$A:$D,2,0),""))))) -> HV.09 - ABRIGO PARA CAVALETE ENTRADA, D=3/4" OU 1" EM ALVENARIA REVESTIDA | E148: =IF(B148="SIURB_INFRA",VLOOKUP(C148,'[25]Custos Unit INFRA ComDes Jan25'!$A:$D,3,0),IF(B148="SIURB_EDIF",VLOOKUP(C148,'[25]Custos Unit EDIF ComDes Jan25'!$A:$D,3,0),IF(B148="SINAPI",VLOOKUP(C148,[25]SINAPI!$G:$K,3,0),IF(B148="CDHU",VLOOKUP(C148,[25]CDHU!$A:$F,3,0),IF(B148="EQUIP_SIURB","H",""))))) -> UN | F148: =VLOOKUP(A148,[25]MEMÓRIA!$B$9:$V$1635,17,FALSE) -> 15 | H148: =ROUND(G148*(1+$I$433),2) -> 0 | I148: =ROUND(G148*F148,2) -> 0 | J148: =ROUND(H148*F148,2) -> 0
A149: 1.6.3 | B149: SINAPI | C149: 102605 | D149: =IF(B149="SIURB_INFRA",VLOOKUP(C149,'[25]Custos Unit INFRA ComDes Jan25'!$A:$D,2,0),IF(B149="SIURB_EDIF",VLOOKUP(C149,'[25]Custos Unit EDIF ComDes Jan25'!$A:$D,2,0),IF(B149="SINAPI",VLOOKUP(C149,[25]SINAPI!$G:$K,2,0),IF(B149="CDHU",VLOOKUP(C149,[25]CDHU!$A:$F,2,0),IF(B149="EQUIP_SIURB",VLOOKUP(C149,'[25]Equip Com Des Jan25'!$A:$D,2,0),""))))) -> CAIXA D´ÁGUA EM POLIETILENO, 500 LITROS - FORNECIMENTO E INSTALAÇÃO. AF_06/2021 | E149: =IF(B149="SIURB_INFRA",VLOOKUP(C149,'[25]Custos Unit INFRA ComDes Jan25'!$A:$D,3,0),IF(B149="SIURB_EDIF",VLOOKUP(C149,'[25]Custos Unit EDIF ComDes Jan25'!$A:$D,3,0),IF(B149="SINAPI",VLOOKUP(C149,[25]SINAPI!$G:$K,3,0),IF(B149="CDHU",VLOOKUP(C149,[25]CDHU!$A:$F,3,0),IF(B149="EQUIP_SIURB","H",""))))) -> UN | F149: =VLOOKUP(A149,[25]MEMÓRIA!$B$9:$V$1635,17,FALSE) -> 10 | H149: =ROUND(G149*(1+$I$433),2) -> 0 | I149: =ROUND(G149*F149,2) -> 0 | J149: =ROUND(H149*F149,2) -> 0
A150: 1.6.4 | B150: SINAPI | C150: 102607 | D150: =IF(B150="SIURB_INFRA",VLOOKUP(C150,'[25]Custos Unit INFRA ComDes Jan25'!$A:$D,2,0),IF(B150="SIURB_EDIF",VLOOKUP(C150,'[25]Custos Unit EDIF ComDes Jan25'!$A:$D,2,0),IF(B150="SINAPI",VLOOKUP(C150,[25]SINAPI!$G:$K,2,0),IF(B150="CDHU",VLOOKUP(C150,[25]CDHU!$A:$F,2,0),IF(B150="EQUIP_SIURB",VLOOKUP(C150,'[25]Equip Com Des Jan25'!$A:$D,2,0),""))))) -> CAIXA D´ÁGUA EM POLIETILENO, 1000 LITROS - FORNECIMENTO E INSTALAÇÃO. AF_06/2021 | E150: =IF(B150="SIURB_INFRA",VLOOKUP(C150,'[25]Custos Unit INFRA ComDes Jan25'!$A:$D,3,0),IF(B150="SIURB_EDIF",VLOOKUP(C150,'[25]Custos Unit EDIF ComDes Jan25'!$A:$D,3,0),IF(B150="SINAPI",VLOOKUP(C150,[25]SINAPI!$G:$K,3,0),IF(B150="CDHU",VLOOKUP(C150,[25]CDHU!$A:$F,3,0),IF(B150="EQUIP_SIURB","H",""))))) -> UN | F150: =VLOOKUP(A150,[25]MEMÓRIA!$B$9:$V$1635,17,FALSE) -> 10 | H150: =ROUND(G150*(1+$I$433),2) -> 0 | I150: =ROUND(G150*F150,2) -> 0 | J150: =ROUND(H150*F150,2) -> 0
A151: 1.6.5 | B151: SIURB_EDIF | C151: 10002061 | D151: =IF(B151="SIURB_INFRA",VLOOKUP(C151,'[25]Custos Unit INFRA ComDes Jan25'!$A:$D,2,0),IF(B151="SIURB_EDIF",VLOOKUP(C151,'[25]Custos Unit EDIF ComDes Jan25'!$A:$D,2,0),IF(B151="SINAPI",VLOOKUP(C151,[25]SINAPI!$G:$K,2,0),IF(B151="CDHU",VLOOKUP(C151,[25]CDHU!$A:$F,2,0),IF(B151="EQUIP_SIURB",VLOOKUP(C151,'[25]Equip Com Des Jan25'!$A:$D,2,0),""))))) -> TUBO DE PVC RÍGIDO, SOLDÁVEL (LINHA ÁGUA) - 25MM (3/4") | E151: =IF(B151="SIURB_INFRA",VLOOKUP(C151,'[25]Custos Unit INFRA ComDes Jan25'!$A:$D,3,0),IF(B151="SIURB_EDIF",VLOOKUP(C151,'[25]Custos Unit EDIF ComDes Jan25'!$A:$D,3,0),IF(B151="SINAPI",VLOOKUP(C151,[25]SINAPI!$G:$K,3,0),IF(B151="CDHU",VLOOKUP(C151,[25]CDHU!$A:$F,3,0),IF(B151="EQUIP_SIURB","H",""))))) -> M | F151: =VLOOKUP(A151,[25]MEMÓRIA!$B$9:$V$1635,17,FALSE) -> 30 | H151: =ROUND(G151*(1+$I$433),2) -> 0 | I151: =ROUND(G151*F151,2) -> 0 | J151: =ROUND(H151*F151,2) -> 0
A152: 1.6.6 | B152: SIURB_EDIF | C152: 10002062 | D152: =IF(B152="SIURB_INFRA",VLOOKUP(C152,'[25]Custos Unit INFRA ComDes Jan25'!$A:$D,2,0),IF(B152="SIURB_EDIF",VLOOKUP(C152,'[25]Custos Unit EDIF ComDes Jan25'!$A:$D,2,0),IF(B152="SINAPI",VLOOKUP(C152,[25]SINAPI!$G:$K,2,0),IF(B152="CDHU",VLOOKUP(C152,[25]CDHU!$A:$F,2,0),IF(B152="EQUIP_SIURB",VLOOKUP(C152,'[25]Equip Com Des Jan25'!$A:$D,2,0),""))))) -> TUBO DE PVC RÍGIDO, SOLDÁVEL (LINHA ÁGUA) - 32MM (1") | E152: =IF(B152="SIURB_INFRA",VLOOKUP(C152,'[25]Custos Unit INFRA ComDes Jan25'!$A:$D,3,0),IF(B152="SIURB_EDIF",VLOOKUP(C152,'[25]Custos Unit EDIF ComDes Jan25'!$A:$D,3,0),IF(B152="SINAPI",VLOOKUP(C152,[25]SINAPI!$G:$K,3,0),IF(B152="CDHU",VLOOKUP(C152,[25]CDHU!$A:$F,3,0),IF(B152="EQUIP_SIURB","H",""))))) -> M | F152: =VLOOKUP(A152,[25]MEMÓRIA!$B$9:$V$1635,17,FALSE) -> 30 | H152: =ROUND(G152*(1+$I$433),2) -> 0 | I152: =ROUND(G152*F152,2) -> 0 | J152: =ROUND(H152*F152,2) -> 0
A153: 1.6.7 | B153: CDHU | C153: 46.04.010 | D153: =IF(B153="SIURB_INFRA",VLOOKUP(C153,'[25]Custos Unit INFRA ComDes Jan25'!$A:$D,2,0),IF(B153="SIURB_EDIF",VLOOKUP(C153,'[25]Custos Unit EDIF ComDes Jan25'!$A:$D,2,0),IF(B153="SINAPI",VLOOKUP(C153,[25]SINAPI!$G:$K,2,0),IF(B153="CDHU",VLOOKUP(C153,[25]CDHU!$A:$F,2,0),IF(B153="EQUIP_SIURB",VLOOKUP(C153,'[25]Equip Com Des Jan25'!$A:$D,2,0),""))))) -> Tubo de PVC rígido tipo PBA classe 15, DN= 50mm, (DE= 60mm), inclusive conexões | E153: =IF(B153="SIURB_INFRA",VLOOKUP(C153,'[25]Custos Unit INFRA ComDes Jan25'!$A:$D,3,0),IF(B153="SIURB_EDIF",VLOOKUP(C153,'[25]Custos Unit EDIF ComDes Jan25'!$A:$D,3,0),IF(B153="SINAPI",VLOOKUP(C153,[25]SINAPI!$G:$K,3,0),IF(B153="CDHU",VLOOKUP(C153,[25]CDHU!$A:$F,3,0),IF(B153="EQUIP_SIURB","H",""))))) -> M | F153: =VLOOKUP(A153,[25]MEMÓRIA!$B$9:$V$1635,17,FALSE) -> 150 | H153: =ROUND(G153*(1+$I$433),2) -> 0 | I153: =ROUND(G153*F153,2) -> 0 | J153: =ROUND(H153*F153,2) -> 0
A154: 1.6.8 | B154: CDHU | C154: 46.04.030 | D154: =IF(B154="SIURB_INFRA",VLOOKUP(C154,'[25]Custos Unit INFRA ComDes Jan25'!$A:$D,2,0),IF(B154="SIURB_EDIF",VLOOKUP(C154,'[25]Custos Unit EDIF ComDes Jan25'!$A:$D,2,0),IF(B154="SINAPI",VLOOKUP(C154,[25]SINAPI!$G:$K,2,0),IF(B154="CDHU",VLOOKUP(C154,[25]CDHU!$A:$F,2,0),IF(B154="EQUIP_SIURB",VLOOKUP(C154,'[25]Equip Com Des Jan25'!$A:$D,2,0),""))))) -> Tubo de PVC rígido tipo PBA classe 15, DN= 100mm, (DE= 110mm), inclusive conexões | E154: =IF(B154="SIURB_INFRA",VLOOKUP(C154,'[25]Custos Unit INFRA ComDes Jan25'!$A:$D,3,0),IF(B154="SIURB_EDIF",VLOOKUP(C154,'[25]Custos Unit EDIF ComDes Jan25'!$A:$D,3,0),IF(B154="SINAPI",VLOOKUP(C154,[25]SINAPI!$G:$K,3,0),IF(B154="CDHU",VLOOKUP(C154,[25]CDHU!$A:$F,3,0),IF(B154="EQUIP_SIURB","H",""))))) -> M | F154: =VLOOKUP(A154,[25]MEMÓRIA!$B$9:$V$1635,17,FALSE) -> 80 | H154: =ROUND(G154*(1+$I$433),2) -> 0 | I154: =ROUND(G154*F154,2) -> 0 | J154: =ROUND(H154*F154,2) -> 0
A155: 1.6.9 | B155: SINAPI | C155: 104060 | D155: =IF(B155="SIURB_INFRA",VLOOKUP(C155,'[25]Custos Unit INFRA ComDes Jan25'!$A:$D,2,0),IF(B155="SIURB_EDIF",VLOOKUP(C155,'[25]Custos Unit EDIF ComDes Jan25'!$A:$D,2,0),IF(B155="SINAPI",VLOOKUP(C155,[25]SINAPI!$G:$K,2,0),IF(B155="CDHU",VLOOKUP(C155,[25]CDHU!$A:$F,2,0),IF(B155="EQUIP_SIURB",VLOOKUP(C155,'[25]Equip Com Des Jan25'!$A:$D,2,0),""))))) -> TUBO, PEAD, PE-80, DE = 20 MM X 2,3 MM, PARA LIGAÇÃO PREDIAL DE ÁGUA. AF_06/2022 | E155: =IF(B155="SIURB_INFRA",VLOOKUP(C155,'[25]Custos Unit INFRA ComDes Jan25'!$A:$D,3,0),IF(B155="SIURB_EDIF",VLOOKUP(C155,'[25]Custos Unit EDIF ComDes Jan25'!$A:$D,3,0),IF(B155="SINAPI",VLOOKUP(C155,[25]SINAPI!$G:$K,3,0),IF(B155="CDHU",VLOOKUP(C155,[25]CDHU!$A:$F,3,0),IF(B155="EQUIP_SIURB","H",""))))) -> M | F155: =VLOOKUP(A155,[25]MEMÓRIA!$B$9:$V$1635,17,FALSE) -> 250 | H155: =ROUND(G155*(1+$I$433),2) -> 0 | I155: =ROUND(G155*F155,2) -> 0 | J155: =ROUND(H155*F155,2) -> 0
A156: 1.6.10 | B156: SIURB_EDIF | C156: 10012093 | D156: =IF(B156="SIURB_INFRA",VLOOKUP(C156,'[25]Custos Unit INFRA ComDes Jan25'!$A:$D,2,0),IF(B156="SIURB_EDIF",VLOOKUP(C156,'[25]Custos Unit EDIF ComDes Jan25'!$A:$D,2,0),IF(B156="SINAPI",VLOOKUP(C156,[25]SINAPI!$G:$K,2,0),IF(B156="CDHU",VLOOKUP(C156,[25]CDHU!$A:$F,2,0),IF(B156="EQUIP_SIURB",VLOOKUP(C156,'[25]Equip Com Des Jan25'!$A:$D,2,0),""))))) -> HA.01 - CAIXA DE LIGAÇÃO OU INSPEÇÃO - ALVENARIA DE 1 TIJOLO, REVESTIDA | E156: =IF(B156="SIURB_INFRA",VLOOKUP(C156,'[25]Custos Unit INFRA ComDes Jan25'!$A:$D,3,0),IF(B156="SIURB_EDIF",VLOOKUP(C156,'[25]Custos Unit EDIF ComDes Jan25'!$A:$D,3,0),IF(B156="SINAPI",VLOOKUP(C156,[25]SINAPI!$G:$K,3,0),IF(B156="CDHU",VLOOKUP(C156,[25]CDHU!$A:$F,3,0),IF(B156="EQUIP_SIURB","H",""))))) -> M2 | F156: =VLOOKUP(A156,[25]MEMÓRIA!$B$9:$V$1635,17,FALSE) -> 32 | H156: =ROUND(G156*(1+$I$433),2) -> 0 | I156: =ROUND(G156*F156,2) -> 0 | J156: =ROUND(H156*F156,2) -> 0
A157: 1.7 | D157: CONTENÇÃO | I157: =SUBTOTAL(9,I158:I182) -> 0 | J157: =SUBTOTAL(9,J158:J182) -> 0
A158: 1.7.1 | B158: SIURB_INFRA | C158: 8001000 | D158: =IF(B158="SIURB_INFRA",VLOOKUP(C158,'[25]Custos Unit INFRA ComDes Jan25'!$A:$D,2,0),IF(B158="SIURB_EDIF",VLOOKUP(C158,'[25]Custos Unit EDIF ComDes Jan25'!$A:$D,2,0),IF(B158="SINAPI",VLOOKUP(C158,[25]SINAPI!$G:$K,2,0),IF(B158="CDHU",VLOOKUP(C158,[25]CDHU!$A:$F,2,0),IF(B158="EQUIP_SIURB",VLOOKUP(C158,'[25]Equip Com Des Jan25'!$A:$D,2,0),""))))) -> FORNECIMENTO E CRAVAÇÃO DE ESTACAS DE EUCALIPTO - DIÂMETRO 20 À 30CM | E158: =IF(B158="SIURB_INFRA",VLOOKUP(C158,'[25]Custos Unit INFRA ComDes Jan25'!$A:$D,3,0),IF(B158="SIURB_EDIF",VLOOKUP(C158,'[25]Custos Unit EDIF ComDes Jan25'!$A:$D,3,0),IF(B158="SINAPI",VLOOKUP(C158,[25]SINAPI!$G:$K,3,0),IF(B158="CDHU",VLOOKUP(C158,[25]CDHU!$A:$F,3,0),IF(B158="EQUIP_SIURB","H",""))))) -> M | F158: =VLOOKUP(A158,[25]MEMÓRIA!$B$9:$V$1635,17,FALSE) -> 40 | H158: =ROUND(G158*(1+$I$433),2) -> 0 | I158: =ROUND(G158*F158,2) -> 0 | J158: =ROUND(H158*F158,2) -> 0
A159: 1.7.2 | B159: SIURB_INFRA | C159: 7020000 | D159: =IF(B159="SIURB_INFRA",VLOOKUP(C159,'[25]Custos Unit INFRA ComDes Jan25'!$A:$D,2,0),IF(B159="SIURB_EDIF",VLOOKUP(C159,'[25]Custos Unit EDIF ComDes Jan25'!$A:$D,2,0),IF(B159="SINAPI",VLOOKUP(C159,[25]SINAPI!$G:$K,2,0),IF(B159="CDHU",VLOOKUP(C159,[25]CDHU!$A:$F,2,0),IF(B159="EQUIP_SIURB",VLOOKUP(C159,'[25]Equip Com Des Jan25'!$A:$D,2,0),""))))) -> MURO DE ARRIMO DE RACHÃO COM ARGAMASSA DE CIMENTO E AREIA 1:3 | E159: =IF(B159="SIURB_INFRA",VLOOKUP(C159,'[25]Custos Unit INFRA ComDes Jan25'!$A:$D,3,0),IF(B159="SIURB_EDIF",VLOOKUP(C159,'[25]Custos Unit EDIF ComDes Jan25'!$A:$D,3,0),IF(B159="SINAPI",VLOOKUP(C159,[25]SINAPI!$G:$K,3,0),IF(B159="CDHU",VLOOKUP(C159,[25]CDHU!$A:$F,3,0),IF(B159="EQUIP_SIURB","H",""))))) -> M3 | F159: =VLOOKUP(A159,[25]MEMÓRIA!$B$9:$V$1635,17,FALSE) -> 120 | H159: =ROUND(G159*(1+$I$433),2) -> 0 | I159: =ROUND(G159*F159,2) -> 0 | J159: =ROUND(H159*F159,2) -> 0
A160: 1.7.3 | B160: SIURB_INFRA | C160: 7023000 | D160: =IF(B160="SIURB_INFRA",VLOOKUP(C160,'[25]Custos Unit INFRA ComDes Jan25'!$A:$D,2,0),IF(B160="SIURB_EDIF",VLOOKUP(C160,'[25]Custos Unit EDIF ComDes Jan25'!$A:$D,2,0),IF(B160="SINAPI",VLOOKUP(C160,[25]SINAPI!$G:$K,2,0),IF(B160="CDHU",VLOOKUP(C160,[25]CDHU!$A:$F,2,0),IF(B160="EQUIP_SIURB",VLOOKUP(C160,'[25]Equip Com Des Jan25'!$A:$D,2,0),""))))) -> IN.14 - FORNECIMENTO E COLOCAÇÃO DE GABIÃO TIPO CAIXA, H = 0,50 M, DE MALHA 8 X 10CM, GALVANIZADO, DE FIO Ø = 2,7MM | E160: =IF(B160="SIURB_INFRA",VLOOKUP(C160,'[25]Custos Unit INFRA ComDes Jan25'!$A:$D,3,0),IF(B160="SIURB_EDIF",VLOOKUP(C160,'[25]Custos Unit EDIF ComDes Jan25'!$A:$D,3,0),IF(B160="SINAPI",VLOOKUP(C160,[25]SINAPI!$G:$K,3,0),IF(B160="CDHU",VLOOKUP(C160,[25]CDHU!$A:$F,3,0),IF(B160="EQUIP_SIURB","H",""))))) -> M3 | F160: =VLOOKUP(A160,[25]MEMÓRIA!$B$9:$V$1635,17,FALSE) -> 100 | H160: =ROUND(G160*(1+$I$433),2) -> 0 | I160: =ROUND(G160*F160,2) -> 0 | J160: =ROUND(H160*F160,2) -> 0
A161: 1.7.4 | B161: SIURB_INFRA | C161: 7024000 | D161: =IF(B161="SIURB_INFRA",VLOOKUP(C161,'[25]Custos Unit INFRA ComDes Jan25'!$A:$D,2,0),IF(B161="SIURB_EDIF",VLOOKUP(C161,'[25]Custos Unit EDIF ComDes Jan25'!$A:$D,2,0),IF(B161="SINAPI",VLOOKUP(C161,[25]SINAPI!$G:$K,2,0),IF(B161="CDHU",VLOOKUP(C161,[25]CDHU!$A:$F,2,0),IF(B161="EQUIP_SIURB",VLOOKUP(C161,'[25]Equip Com Des Jan25'!$A:$D,2,0),""))))) -> IN.14 - FORNECIMENTO E COLOCAÇÃO DE GABIÃO TIPO CAIXA, H = 1,00M, DE MALHA 8 X 10CM, GALVANIZADO, DE FIO Ø = 2,7MM | E161: =IF(B161="SIURB_INFRA",VLOOKUP(C161,'[25]Custos Unit INFRA ComDes Jan25'!$A:$D,3,0),IF(B161="SIURB_EDIF",VLOOKUP(C161,'[25]Custos Unit EDIF ComDes Jan25'!$A:$D,3,0),IF(B161="SINAPI",VLOOKUP(C161,[25]SINAPI!$G:$K,3,0),IF(B161="CDHU",VLOOKUP(C161,[25]CDHU!$A:$F,3,0),IF(B161="EQUIP_SIURB","H",""))))) -> M3 | F161: =VLOOKUP(A161,[25]MEMÓRIA!$B$9:$V$1635,17,FALSE) -> 400 | H161: =ROUND(G161*(1+$I$433),2) -> 0 | I161: =ROUND(G161*F161,2) -> 0 | J161: =ROUND(H161*F161,2) -> 0
A162: 1.7.5 | B162: SIURB_INFRA | C162: 6069004 | D162: =IF(B162="SIURB_INFRA",VLOOKUP(C162,'[25]Custos Unit INFRA ComDes Jan25'!$A:$D,2,0),IF(B162="SIURB_EDIF",VLOOKUP(C162,'[25]Custos Unit EDIF ComDes Jan25'!$A:$D,2,0),IF(B162="SINAPI",VLOOKUP(C162,[25]SINAPI!$G:$K,2,0),IF(B162="CDHU",VLOOKUP(C162,[25]CDHU!$A:$F,2,0),IF(B162="EQUIP_SIURB",VLOOKUP(C162,'[25]Equip Com Des Jan25'!$A:$D,2,0),""))))) -> IHD.23 - FORNECIMENTO E COLOCAÇÃO DE MANTA GEOTÊXTIL COM RESISTÊNCIA À TRAÇÃO LONGITUDINAL DE 10KN/M E TRAÇÃO TRANSVERSAL DE 9KN/M | E162: =IF(B162="SIURB_INFRA",VLOOKUP(C162,'[25]Custos Unit INFRA ComDes Jan25'!$A:$D,3,0),IF(B162="SIURB_EDIF",VLOOKUP(C162,'[25]Custos Unit EDIF ComDes Jan25'!$A:$D,3,0),IF(B162="SINAPI",VLOOKUP(C162,[25]SINAPI!$G:$K,3,0),IF(B162="CDHU",VLOOKUP(C162,[25]CDHU!$A:$F,3,0),IF(B162="EQUIP_SIURB","H",""))))) -> M2 | F162: =VLOOKUP(A162,[25]MEMÓRIA!$B$9:$V$1635,17,FALSE) -> 550 | H162: =ROUND(G162*(1+$I$433),2) -> 0 | I162: =ROUND(G162*F162,2) -> 0 | J162: =ROUND(H162*F162,2) -> 0
A163: 1.7.6 | B163: SIURB_EDIF | C163: 2001001 | D163: =IF(B163="SIURB_INFRA",VLOOKUP(C163,'[25]Custos Unit INFRA ComDes Jan25'!$A:$D,2,0),IF(B163="SIURB_EDIF",VLOOKUP(C163,'[25]Custos Unit EDIF ComDes Jan25'!$A:$D,2,0),IF(B163="SINAPI",VLOOKUP(C163,[25]SINAPI!$G:$K,2,0),IF(B163="CDHU",VLOOKUP(C163,[25]CDHU!$A:$F,2,0),IF(B163="EQUIP_SIURB",VLOOKUP(C163,'[25]Equip Com Des Jan25'!$A:$D,2,0),""))))) -> BROCA DE CONCRETO - DIÂMETRO DE 20CM | E163: =IF(B163="SIURB_INFRA",VLOOKUP(C163,'[25]Custos Unit INFRA ComDes Jan25'!$A:$D,3,0),IF(B163="SIURB_EDIF",VLOOKUP(C163,'[25]Custos Unit EDIF ComDes Jan25'!$A:$D,3,0),IF(B163="SINAPI",VLOOKUP(C163,[25]SINAPI!$G:$K,3,0),IF(B163="CDHU",VLOOKUP(C163,[25]CDHU!$A:$F,3,0),IF(B163="EQUIP_SIURB","H",""))))) -> M | F163: =VLOOKUP(A163,[25]MEMÓRIA!$B$9:$V$1635,17,FALSE) -> 15 | H163: =ROUND(G163*(1+$I$433),2) -> 0 | I163: =ROUND(G163*F163,2) -> 0 | J163: =ROUND(H163*F163,2) -> 0
A164: 1.7.7 | B164: SIURB_EDIF | C164: 2001002 | D164: =IF(B164="SIURB_INFRA",VLOOKUP(C164,'[25]Custos Unit INFRA ComDes Jan25'!$A:$D,2,0),IF(B164="SIURB_EDIF",VLOOKUP(C164,'[25]Custos Unit EDIF ComDes Jan25'!$A:$D,2,0),IF(B164="SINAPI",VLOOKUP(C164,[25]SINAPI!$G:$K,2,0),IF(B164="CDHU",VLOOKUP(C164,[25]CDHU!$A:$F,2,0),IF(B164="EQUIP_SIURB",VLOOKUP(C164,'[25]Equip Com Des Jan25'!$A:$D,2,0),""))))) -> BROCA DE CONCRETO - DIÂMETRO DE 25CM | E164: =IF(B164="SIURB_INFRA",VLOOKUP(C164,'[25]Custos Unit INFRA ComDes Jan25'!$A:$D,3,0),IF(B164="SIURB_EDIF",VLOOKUP(C164,'[25]Custos Unit EDIF ComDes Jan25'!$A:$D,3,0),IF(B164="SINAPI",VLOOKUP(C164,[25]SINAPI!$G:$K,3,0),IF(B164="CDHU",VLOOKUP(C164,[25]CDHU!$A:$F,3,0),IF(B164="EQUIP_SIURB","H",""))))) -> M | F164: =VLOOKUP(A164,[25]MEMÓRIA!$B$9:$V$1635,17,FALSE) -> 270 | H164: =ROUND(G164*(1+$I$433),2) -> 0 | I164: =ROUND(G164*F164,2) -> 0 | J164: =ROUND(H164*F164,2) -> 0
A165: 1.7.8 | B165: SIURB_EDIF | C165: 17001070 | D165: =IF(B165="SIURB_INFRA",VLOOKUP(C165,'[25]Custos Unit INFRA ComDes Jan25'!$A:$D,2,0),IF(B165="SIURB_EDIF",VLOOKUP(C165,'[25]Custos Unit EDIF ComDes Jan25'!$A:$D,2,0),IF(B165="SINAPI",VLOOKUP(C165,[25]SINAPI!$G:$K,2,0),IF(B165="CDHU",VLOOKUP(C165,[25]CDHU!$A:$F,2,0),IF(B165="EQUIP_SIURB",VLOOKUP(C165,'[25]Equip Com Des Jan25'!$A:$D,2,0),""))))) -> MURO DE ARRIMO H=1,40M, COM DRENAGEM | E165: =IF(B165="SIURB_INFRA",VLOOKUP(C165,'[25]Custos Unit INFRA ComDes Jan25'!$A:$D,3,0),IF(B165="SIURB_EDIF",VLOOKUP(C165,'[25]Custos Unit EDIF ComDes Jan25'!$A:$D,3,0),IF(B165="SINAPI",VLOOKUP(C165,[25]SINAPI!$G:$K,3,0),IF(B165="CDHU",VLOOKUP(C165,[25]CDHU!$A:$F,3,0),IF(B165="EQUIP_SIURB","H",""))))) -> M | F165: =VLOOKUP(A165,[25]MEMÓRIA!$B$9:$V$1635,17,FALSE) -> 180 | H165: =ROUND(G165*(1+$I$433),2) -> 0 | I165: =ROUND(G165*F165,2) -> 0 | J165: =ROUND(H165*F165,2) -> 0
A166: 1.7.9 | B166: SIURB_EDIF | C166: 17001071 | D166: =IF(B166="SIURB_INFRA",VLOOKUP(C166,'[25]Custos Unit INFRA ComDes Jan25'!$A:$D,2,0),IF(B166="SIURB_EDIF",VLOOKUP(C166,'[25]Custos Unit EDIF ComDes Jan25'!$A:$D,2,0),IF(B166="SINAPI",VLOOKUP(C166,[25]SINAPI!$G:$K,2,0),IF(B166="CDHU",VLOOKUP(C166,[25]CDHU!$A:$F,2,0),IF(B166="EQUIP_SIURB",VLOOKUP(C166,'[25]Equip Com Des Jan25'!$A:$D,2,0),""))))) -> MURO DE ARRIMO H=2,50M, COM DRENAGEM | E166: =IF(B166="SIURB_INFRA",VLOOKUP(C166,'[25]Custos Unit INFRA ComDes Jan25'!$A:$D,3,0),IF(B166="SIURB_EDIF",VLOOKUP(C166,'[25]Custos Unit EDIF ComDes Jan25'!$A:$D,3,0),IF(B166="SINAPI",VLOOKUP(C166,[25]SINAPI!$G:$K,3,0),IF(B166="CDHU",VLOOKUP(C166,[25]CDHU!$A:$F,3,0),IF(B166="EQUIP_SIURB","H",""))))) -> M | F166: =VLOOKUP(A166,[25]MEMÓRIA!$B$9:$V$1635,17,FALSE) -> 30 | H166: =ROUND(G166*(1+$I$433),2) -> 0 | I166: =ROUND(G166*F166,2) -> 0 | J166: =ROUND(H166*F166,2) -> 0
...
